 Dungeon Crawl Stone Soup version 0.31-a0-799-g6bc09d010c (webtiles) character file.

Game seed: 1819802299378934323

28548834 KimchiStew the Archmage (level 27, 273/273 HPs)
             Began as a Meteoran Earth Elementalist on Sept 19, 2023.
             Was the Champion of Vehumet.
             Escaped with the Orb
             ... and 15 runes!
             The game lasted 03:40:38 (52452 turns).

KimchiStew the Archmage (MeEE)                     Turns: 52452, Time: 03:40:38

Health: 273/273    AC: 53    Str:  9    XL:     27
Magic:  80/80      EV: 11    Int: 52    God:    Vehumet [******]
Gold:   12822      SH:  0    Dex: 16    Spells: 11/80 levels left

rFire   + . .        c - +6 Majin-Bo {spellvamp, MP+6 Int+6}
rCold   + + .        H - orb of the Everdark {*channel, Will+ Str+2}
rNeg    + + +        N - +8 orange crystal plate armour {Archmagi, Int+3 Clar}
rPois   ∞            A - +3 hat of Pondering {ponderous, Will+ MP+10 Int+5}
rElec   +            i - +1 cloak of Starlight {*Dazzle EV+4 Stlth--}
rCorr   +            C - +2 pair of gloves "Zoiriasa" {Regen+ rCorr Str-5 Slay+6}
SInv    .            T - +2 pair of boots of Lyff {*Slow rElec rPois rN+}
Will    +++++        n - amulet of Votzi {RegenMP rF+ MP+9 Int+2} Stlth
                     O - ring "Inoapraw" {Fly Int+6}
HPRegen 1.45/turn    d - ring of Uminuafe {Wiz Contam rC+ Slay+5 Stlth+}
MPRegen 0.87/turn

%: slow self (1%), clarity, wizardry (x1), archmagi, channel magic (20%)
@: death-form, flying, glowing, studying 5 skills, slow
A: vile attack, torment immunity, no potions, sense surroundings 3,
otherworldly, glowing, explore regen, fangs 1, MP-powered wands
0: Orb of Zot
}: 15/15 runes: decaying, slimy, silver, golden, iron, obsidian, icy, bone,
abyssal, demonic, glowing, magical, fiery, dark, gossamer
a: Siphon Essence, Begin Untransformation, Renounce Religion


You escaped.
You worshipped Vehumet.
Vehumet was exalted by your worship.
You were an undying horror.
You visited 18 branches of the dungeon, and saw 88 of its levels.
You visited Pandemonium 1 time, and saw 10 of its levels.
You visited the Abyss 2 times.
You visited 1 bazaar.
You completed 2 ziggurats, and saw 54 of their levels.
You also visited: Trove and Sewer.

You collected 19075 gold pieces.
You spent 6253 gold pieces at shops.

Inventory:

Hand Weapons
 c - the +6 Majin-Bo (weapon) {spellvamp, MP+6 Int+6}
   (You found it on level 7 of Cocytus)

   Int+6:     It affects your intelligence (+6).
   MP+6:      It affects your magic capacity (+6).
Missiles
 a - 4 curare-tipped darts
 J - 8 throwing nets
Armour
 i - the +1 cloak of Starlight (worn) {*Dazzle EV+4 Stlth--}
   (You found it on level 27 of a ziggurat)

   *Dazzle:   It may blind those who miss an attack against the wearer in melee
   combat.
   EV+4:      It affects your evasion (+4).
   Stlth--:   It makes you much less stealthy.
 r - the +0 pair of fencer's gloves {Riposte Dex+3}
   (You found it on level 7 of Cocytus)

   Riposte:   It allows the wearer to riposte with melee weapons, swiftly
   retaliating against missed or blocked melee attacks.
   Dex+3:     It affects your dexterity (+3).
 A - the +3 hat of Pondering (worn) {ponderous, Will+ MP+10 Int+5}
   (You found it on level 8 of a ziggurat)

   Int+5:     It affects your intelligence (+5).
   Will+:     It increases your willpower.
   MP+10:     It affects your magic capacity (+10).
 C - the +2 pair of gloves "Zoiriasa" (worn) {Regen+ rCorr Str-5 Slay+6}
   (You found it on level 1 of the Elven Halls)

   Str-5:     It affects your strength (-5).
   Slay+6:    It affects your accuracy & damage with ranged weapons and melee
   (+6).
   Regen+:    It increases your rate of health regeneration.
   rCorr:     It protects you from acid and corrosion.
 H - the orb of the Everdark (worn) {*channel, Will+ Str+2}
   (You found it on level 19 of a ziggurat)

   Str+2:     It affects your strength (+2).
   Will+:     It increases your willpower.
 N - the +8 orange crystal plate armour (worn) {Archmagi, Int+3 Clar}
   (You found it on level 18 of a ziggurat)

   Int+3:     It affects your intelligence (+3).
   Clar:      It protects you from confusion, rage, mesmerisation and fear.
 R - the +10 tower shield of Ignorance {rN+ Int-4}
   (You found it on level 3 of the Tomb of the Ancients)

   Int-4:     It affects your intelligence (-4).
   rN+:       It protects you from negative energy.
 T - the +2 pair of boots of Lyff (worn) {*Slow rElec rPois rN+}
   (You found it on level 5 of the Lair of Beasts)

   rElec:     It insulates you from electricity.
   rPois:     It protects you from poison rN+: It protects you from negative
   energy.
   *Slow:     It may slow you when you take damage.
Magical Staves
 z - the staff of Dim Light {Str+3 Dex+5 Earth}
   (You found it on level 21 of a ziggurat)

   [staff of earth]

   Base accuracy: +5 Base damage: 5 Base attack delay: 1.2 This weapon's minimum
   attack delay (0.6) is reached at skill level 12.
   Str+3:     It affects your strength (+3).
   Dex+5:     It affects your dexterity (+5).
   Earth:     It increases the power of your Earth spells.
   It falls into the 'Staves' category.
   It is a one-handed weapon.
Jewellery
 d - the ring of Uminuafe (right hand) {Wiz Contam rC+ Slay+5 Stlth+}
   (You found it on level 11 of a ziggurat)

   [ring of wizardry]

   Wiz:       It improves your spell success rate.
   Slay+5:    It affects your accuracy & damage with ranged weapons and melee
   (+5).
   rC+:       It protects you from cold.
   Contam:    It causes magical contamination when unequipped.
   Stlth+:    It makes you more stealthy.
 n - the amulet of Votzi (around neck) {RegenMP rF+ MP+9 Int+2}
   (You found it on level 4 of a ziggurat)

   [amulet of magic regeneration]

   RegenMP:   It increases your rate of magic regeneration.
   Int+2:     It affects your intelligence (+2).
   rF+:       It protects you from fire.
   MP+9:      It affects your magic capacity (+9).
 u - the amulet of the Tired Gazing Coins {RegenMP rElec rF+ rC++ rCorr}
   (You found it on level 3 of the Tomb of the Ancients)

   [amulet of magic regeneration]

   RegenMP:   It increases your rate of magic regeneration.
   rF+:       It protects you from fire.
   rC++:      It greatly protects you from cold.
   rElec:     It insulates you from electricity.
   rCorr:     It protects you from acid and corrosion.
 w - the ring of the Hare {EV+10}
   (You found it on level 14 of a ziggurat)

   [ring of evasion]

   EV+10:     It affects your evasion (+10).
 y - the ring "Cunedypp" {+Blink MP+9}
   (You found it on level 7 of a ziggurat)

   [ring of magical power]

   MP+9:      It affects your magic capacity (+9).
   +Blink:    It lets you blink.
 D - the amulet of Attitude {+Blink rF+++ Regen+ rCorr Dex-5}
   (You found it on level 17 of a ziggurat)

   [amulet of regeneration]

   Dex-5:     It affects your dexterity (-5).
   rF+++:     It renders you almost immune to fire.
   +Blink:    It lets you blink.
   Regen+:    It increases your rate of health regeneration.
   rCorr:     It protects you from acid and corrosion.
 M - the ring "Ygyeff" {rF+ rN+ Dex+3}
   (You found it on level 1 of the Lair of Beasts)

   [ring of protection from fire]

   Dex+3:     It affects your dexterity (+3).
   rF+:       It protects you from fire.
   rN+:       It protects you from negative energy.
 O - the ring "Inoapraw" (left hand) {Fly Int+6}
   (You found it on level 7 of Tartarus)

   [ring of intelligence]

   Int+6:     It affects your intelligence (+6).
   Fly:       It grants you flight.
 X - the ring of Ohoggiv {rElec rPois AC+4 Slay-5 SInv}
   (You found it on level 13 of a ziggurat)

   [ring of protection]

   AC+4:      It affects your AC (+4).
   Slay-5:    It affects your accuracy & damage with ranged weapons and melee
   (-5).
   rElec:     It insulates you from electricity.
   rPois:     It protects you from poison SInv: It lets you see invisible.
Talismans
 G - a talisman of death (active)
Wands
 q - a wand of digging (55)
 V - a wand of quicksilver (121)
Scrolls
 b - 5 scrolls of torment
 e - 54 scrolls of teleportation
 f - 8 scrolls of poison
 g - 12 scrolls of amnesia
 j - 9 scrolls of fear
 m - 31 scrolls of fog
 v - 15 scrolls of revelation
 K - 2 scrolls of summoning
 L - 17 scrolls of immolation
 U - 7 scrolls of vulnerability
 Z - 9 scrolls of blinking
Potions
 h - 14 potions of cancellation
 k - 28 potions of mutation
 l - 7 potions of heal wounds
 o - 5 potions of resistance
 p - 12 potions of might
 s - 10 potions of magic
 t - 9 potions of attraction
 x - 3 potions of haste
 B - 8 potions of brilliance
 F - 30 potions of curing
 I - 7 potions of lignification
 P - 4 potions of invisibility
 W - a potion of enlightenment
Miscellaneous
 E - 2 +2 figurines of a ziggurat
 Q - a sack of spiders


   Skills:
 O Level 27 Fighting
 - Level 6.0(9.4) Polearms
 - Level 11.3(12.0) Staves
 - Level 7.0 Throwing
 O Level 27 Armour
 + Level 22.5 Dodging
 + Level 12.4 Stealth
 - Level 16.1 Shields
 O Level 27 Spellcasting
 O Level 27 Conjurations
 O Level 27 Necromancy
 + Level 13.2 Translocations
 + Level 13.2 Transmutations
 O Level 27 Fire Magic
 O Level 27 Ice Magic
 O Level 27 Air Magic
 O Level 27 Earth Magic
 + Level 17.4 Evocations
 - Level 23.0 Shapeshifting


You had 11 spell levels left.
You knew the following spells:

 Your Spells              Type           Power      Damage    Failure   Level
a - Fire Storm            Conj/Fire      88%        8d22      5%          9
b - Chain Lightning       Conj/Air       88%        3d117     5%          9
c - Polar Vortex          Ice            88%        12d11*    5%          9
d - Shatter               Erth           88%        3d63*     5%          9
e - Blink                 Tloc           100%       N/A       1%          2
f - Ignition              Fire           88%        3d22      1%          8
g - Passwall              Tmut/Erth      100%       N/A       1%          2
h - Irradiate             Conj/Tmut      80%        3d38      1%          5
i - Lehudib's Crystal Sp  Conj/Erth      88%        10d19     1%          8
j - Infestation           Necr           88%        N/A       2%          8

Your spell library contained the following spells:

 Spells                   Type           Power      Damage    Failure   Level
 Apportation              Tloc           100%       N/A       1%          1
 Foxfire                  Conj/Fire      100%       2x1d9     1%          1
 Freeze                   Ice            100%       1d10      1%          1
 Kiss of Death            Conj/Necr      100%       2d13      1%          1
 Magic Dart               Conj           100%       1d8       1%          1
 Necrotise                Necr           100%       1d9       1%          1
 Sandblast                Erth           100%       2d20      1%          1
 Shock                    Conj/Air       100%       1d9       1%          1
 Sting                    Tmut/Pois      100%       1d8       1%          1
 Cigotuvi's Dreadful Rot  Necr/Pois/Air  100%       N/A       1%          2
 Ensorcelled Hibernation  Hex/Ice        100%       N/A       1%          2
 Lesser Beckoning         Tloc           100%       N/A       1%          2
 Momentum Strike          Conj/Tloc      100%       3d10      1%          2
 Poisonous Vapours        Pois/Air       100%       N/A       1%          2
 Scorch                   Fire           100%       2d9       1%          2
 Searing Ray              Conj           100%       2d8       1%          2
 Static Discharge         Conj/Air       100%       2-7/arc   1%          2
 Sublimation of Blood     Necr           100%       N/A       1%          2
 Wereblood                Tmut           100%       N/A       1%          2
 Dazzling Flash           Conj/Hex       100%       N/A       1%          3
 Frozen Ramparts          Ice            100%       1d16      1%          3
 Gell's Gravitas          Tloc           100%       N/A       1%          3
 Hailstorm                Conj/Ice       100%       3d20      1%          3
 Ignite Poison            Fire/Tmut/Pois 100%       N/A       1%          3
 Inner Flame              Hex/Fire       100%       N/A       1%          3
 Mephitic Cloud           Conj/Pois/Air  100%       N/A       1%          3
 Ozocubu's Armour         Ice            100%       N/A       1%          3
 Stone Arrow              Conj/Erth      100%       3d13      1%          3
 Swiftness                Air            100%       N/A       1%          3
 Teleport Other           Tloc           100%       N/A       1%          3
 Vampiric Draining        Necr           100%       2d13      1%          3
 Volatile Blastmotes      Fire/Tloc      100%       2d18      1%          3
 Airstrike                Air            88%        2d(13-29) 1%          4
 Anguish                  Hex/Necr       71%        N/A       1%          4
 Animate Armour           Summ/Erth      100%       N/A       1%          4
 Animate Dead             Necr           100%       N/A       1%          4
 Brom's Barrelling Bould  Conj/Erth      100%       2d11      1%          4
 Dispel Undead            Necr           100%       3d31      1%          4
 Flame Wave               Conj/Fire      100%       2d21      1%          4
 Fulminant Prism          Conj/Hex       71%        3d29      1%          4
 Iskenderun's Mystic Bla  Conj/Tloc      100%       2d19      1%          4
 Leda's Liquefaction      Hex/Erth       71%        N/A       1%          4
 Manifold Assault         Tloc           100%       N/A       1%          4
 Passage of Golubria      Tloc           100%       N/A       1%          4
 Petrify                  Tmut/Erth      100%       N/A       1%          4
 Sticky Flame             Conj/Fire      100%       2d11      1%          4
 Summon Ice Beast         Ice/Summ       100%       N/A       1%          4
 Summon Lightning Spire   Summ/Air       100%       N/A       1%          4
 Vhi's Electric Charge    Tloc/Air       100%       N/A       1%          4
 Agony                    Necr           100%       N/A       1%          5
 Arcjolt                  Conj/Air       88%        1d98      1%          5
 Borgnjor's Vile Clutch   Necr/Erth      88%        N/A       1%          5
 Fireball                 Conj/Fire      88%        3d32      1%          5
 Freezing Cloud           Conj/Ice/Air   88%        6-21      1%          5
 Iskenderun's Battlesphe  Conj           100%       2d15      1%          5
 Lee's Rapid Deconstruct  Erth           88%        3d39*     1%          5
 Conjure Ball Lightning   Conj/Air       88%        3x3d33    1%          6
 Death Channel            Necr           88%        N/A       1%          6
 Leda's Unmaking          Conj/Erth      88%        9d14      1%          6
 Plasma Beam              Fire/Air       88%        2x1d106   1%          6
 Simulacrum               Ice/Necr       88%        N/A       1%          6
 Starburst                Conj/Fire      88%        6d22      1%          6
 Orb of Destruction       Conj           88%        9d19      1%          7
 Ozocubu's Refrigeration  Ice            88%        4d27      1%          7
 Maxwell's Capacitive Co  Air            88%        ∞         1%          8
 Metabolic Englaciation   Hex/Ice        71%        N/A       2%          5
 Silence                  Hex/Air        71%        N/A       2%          5
 Borgnjor's Revivificati  Necr           88%        N/A       2%          8
 Yara's Violent Unravell  Hex/Tmut       59%        3d22      6%          5
 Dimensional Bullseye     Hex/Tloc       59%        N/A       9%          4
 Dispersal                Tloc           71%        N/A       9%          6
 Spellforged Servitor     Conj/Summ      71%        N/A       9%          7
 Slow                     Hex            100%       N/A       12%         1
 Summon Small Mammal      Summ           100%       N/A       12%         1
 Call Imp                 Summ           100%       N/A       16%         2
 Jinxbite                 Hex            100%       N/A       16%         2
 Olgreb's Toxic Radiance  Pois           81%        N/A       21%         4
 Alistair's Intoxication  Tmut/Pois      78%        N/A       21%         5
 Summon Forest            Summ/Tloc      59%        N/A       21%         5
 Eringya's Noxious Bog    Tmut/Pois      59%        4d6       22%         6
 Call Canine Familiar     Summ           81%        N/A       28%         3
 Confusing Touch          Hex            81%        N/A       28%         3
 Sigil of Binding         Hex            81%        N/A       28%         3
 Summon Guardian Golem    Hex/Summ       81%        N/A       28%         3
 Tukima's Dance           Hex            81%        N/A       28%         3
 Haunt                    Necr/Summ      71%        N/A       30%         7
 Cause Fear               Hex            40%        N/A       58%         4
 Summon Mana Viper        Hex/Summ       81%        N/A       88%         5
 Disjunction              Tloc           71%        N/A       89%         8
 Malign Gateway           Summ/Tloc      59%        N/A       98%         7
 Summon Cactus Giant      Summ           40%        N/A       100%        6
 Enfeeble                 Hex            40%        N/A       100%        7
 Monstrous Menagerie      Summ           40%        N/A       100%        7
 Summon Hydra             Summ           40%        N/A       100%        7
 Discord                  Hex            40%        N/A       100%        8
 Summon Horrible Things   Summ           40%        N/A       100%        8
 Dragon's Call            Summ           40%        N/A       100%        9


Dungeon Overview and Level Annotations

Branches:
Dungeon (15/15)            Temple (1/1) D:4            Lair (5/5) D:11
  Swamp (4/4) Lair:2       Spider (4/4) Lair:2        Slime (5/5) Lair:4
    Orc (2/2) D:10            Elf (3/3) Orc:2        Vaults (5/5) D:14
  Crypt (3/3) Vaults:2       Tomb (3/3) Crypt:3      Depths (4/4) D:15
   Hell (visited)             Dis (7/7) Hell            Geh (7/7) Hell
    Coc (7/7) Hell            Tar (7/7) Hell            Zot (5/5) Depths:4
  Sewer (visited)

Altars:
Ashenzari
Cheibriados
Dithmenos
Elyvilon
Fedhas
Gozag
Hepliaklqana
Kikubaaqudgha
Makhleb
Nemelex Xobeh
Okawaru
Qazlal
Ru
Sif Muna
Trog
Uskayaw
Vehumet
Wu Jian
Xom
Yredelemnul
The Shining One
Jiyva
Lugonu

Shops:
D:7 ::   D:11 *   Orc:1 *   Orc:2 =*(!   Elf:1 *   Elf:2 =   Vaults:4 (
Crypt:2 **   Zot:1 *   Depths:1 (   Depths:2 [=   Depths:3 =::=

Portals:
Hell: Depths:1 Depths:2 Depths:3 Depths:4
Abyss: Zot:5 Depths:2 Depths:3
Pandemonium: Depths:2 Depths:3 Depths:4

Annotations:
D:6 7 runed translucent doors, Yorgos's ghost, novice OpSh
Temple 2 transporters
Lair:4 1 transporter, Uzysm's ghost, journeyman DsBe
Spider:4 exclusion: ice statue
Vaults:2 8 runed translucent doors, Deer Hump's ghost, veteran HuAr
Vaults:3 2 transporters, baljet's ghost, adept TrSh
Depths:1 3 runed translucent doors, Hacs's ghost, veteran DgCj


Innate Abilities, Weirdness & Mutations

You are an undying horror.
Your melee and unarmed attacks drain, slow and weaken victims.
You are immune to unholy pain and torment.
You cannot drink.
You are immune to poison.
You passively map a large area around you.
You are easily found by Zot.
You glow in the dark.
You regain HP and MP as you explore.
You have very sharp teeth.
You expend magic power (3 MP) to strengthen your wands.


Message History

The Orb Guardian is heavily wounded.
Ka-crash!
A voice whispers, "Your soul is simply delicious."
You hear a shout!
The Orb Guardian closely misses you.
The Orb Guardian is temporarily struck blind!
The Orb Guardian hits you!
You take 8 damage, and have 265/273 hp.
The Orb Guardian hits you but does no damage.
The Orb Guardian hits you!
You take 9 damage, and have 261/273 hp.
The Orb Guardian hits you but does no damage.
The Orb Guardian is no longer blind.
Casting: Shatter (dangerous; 5% risk of failure)
Confirm with . or Enter, or press ? or * to list all spells.
You feel a surge of power!
The dungeon rumbles!
You feel better.
You kill the Orb Guardian!
Vehumet accepts your kill.
You feel your power returning.
Ka-crash!
You hear a shout! x3
There is a stone staircase leading up here.
You fly upwards.
There is a stone staircase leading down here.
Unknown command.
(D) Dungeon (T) Temple (L) Lair (S) Swamp (N) Spider Nest (M) Slime Pits (O) Orcish Mines (E) Elven Halls (V) Vaults (C) Crypt (W) Tomb (U) Depths (H) Hell (I) Dis (G) Gehenna (X) Cocytus (Y) Tartarus (Z) Zot
Where to? (Tab/Enter - D:1, ? - help)
What level of the Dungeon? (default 1, ? - help)
There is a stone staircase leading up here.
You fly upwards.
There is a stone staircase leading down here.
Unknown command.
Unknown command.
There is a staircase leading out of the dungeon here.
You have escaped!

#.##.#.~~≈#~≈#.#≈≈#≈≈~.##
,,#.##.~≈.~≈≈#≈#.#≈#≈≈≈.~~#
#.###~~≈.≈~#≈~.~≈#≈≈.≈≈≈# *
#. #.#≈~≈.~≈#~.~#≈~.~~≈# *
,#. #.~#≈~≈.~#~.~#~.≈≈≈#≈ ,
*,.....≈≈##~~.~~.~~.~≈##≈≈#
##.##.#≈≈≈##~.#.#.~##~≈~# , ,
.....#.#~~~~#.#.#~≈~~.## ,
#.####.......#z#.......#
###.####.#~≈~~#.#.#~~~~#### ,
........~≈≈##~.#.#.~##≈≈≈..,,
, ##.#...≈≈##≈≈.≈~.~~.≈≈##≈~#
* ,
#.#.##~#≈≈~.≈#~.~#~.≈~≈#≈# *
##.#.###≈≈~.~≈#~.≈#≈~.~≈≈## *
#....## ~≈.~≈#≈~.~≈#≈~.~≈≈#
..#...# ~.≈≈≈#≈#.#≈#≈~≈.~≈#
#.
#.....#,.≈~≈#≈≈#.#≈≈#≈~~..##
#.


There were no monsters in sight!

Vanquished Creatures
  Cerebov (Pan)
  Antaeus (Coc:7)
  Asmodeus (Geh:7)
  the Royal Jelly (Slime:5)
  Ereshkigal (Tar:7)
  Gloorx Vloq (Pan)
  Lom Lobon (Pan)
  Mnoleg (Pan)
  the Serpent of Hell (Dis:7)
  Khufu (Crypt:2)
  5 orbs of fire
  Dispater (Dis:7)
  16 ancient liches
  21 dread liches
  4 juggernauts
  65 royal mummies
  Josephina (Crypt:3)
  Bai Suzhen (Crypt:3)
  Vv (Crypt:3)
  18 shard shrikes
  16 Killer Klowns
  15 caustic shrikes
  Norris (Depths:3)
  3 curse toes
  Geryon (Hell)
  Arachne (Spider:4)
  11 profane servitors
  24 golden dragons
  28 bone dragons
  21 Brimstone Fiends
  6 doom hounds
  6 electric golems
  14 pandemonium lords
  15 Tzitzimimeh
  A shard shrike zombie (Tar:7)
  16 iron giants
  19 hellephants
  37 Hell Sentinels
  24 tentacled monstrosities
  2 quicksilver dragons (shapeshifter)
  32 Ice Fiends
  34 Orb Guardians
  The ghost of Eroclych the Tortoise, an adept GrFi of Makhleb (Crypt:2)
  19 tainted leviathans
  35 titans
  13 liches
  29 searing wretches
  A walking earthen tome (Zig:13)
  A sphinx (shapeshifter) (Zig:11)
  29 deep elf master archers
  33 deep elf blademasters
  19 quicksilver dragons
  16 acid blobs
  19 Executioners
  13 death cobs
  24 sphinxes
  Frances (D:12)
  3 thorn hunters
  16 tentacled starspawn
  48 ancient champions
  15 shadow dragons
  A storm dragon (shapeshifter) (Zig:17)
  19 tengu reavers
  Donald (Spider:3)
  6 draconian monks
  18 revenants
  12 azure jellies
  33 fire giants
  25 narguns
  Roxanne (Spider:3)
  13 storm dragons
  39 nagarajas
  2 deep elf sorcerers
  8 rockslimes
  19 quicksilver elementals
  18 emperor scorpions
  15 draconian knights
  16 draconian shifters
  13 frost giants
  13 draconian scorchers
  4 iron dragons
  An angel (Depths:3)
  4 demonspawn warmongers
  7 caustic shrike zombies
  15 ghouls
  48 ghost moths
  23 vault wardens
  2 ghost moths (shapeshifter) (Depths:2)
  64 balrugs
  3 spectral caustic shrikes
  6 deep elf elementalists
  11 cacodemons
  12 curse skulls
  16 reapers
  7 draconian annihilators
  6 shard shrike simulacra
  4 ironbound thunderhulks
  2 juggernaut zombies
  3 spriggan defenders (Depths:3)
  31 very ugly things
  11 ironbound preservers
  5 broodmothers
  32 stone giants
  26 war gargoyles
  15 draconian stormcallers
  8 formless jellyfish
  3 demonspawn blood saints
  4 quicksilver oozes
  7 demonspawn corrupters
  9 orc warlords
  3 caustic shrike skeletons
  30 deep elf demonologists
  22 green draconians
  15 vampire knights
  10 lorocyprocas
  26 bennus
  8 demonspawn black suns
  14 yellow draconians
  9 spark wasps
  6 dire elephants
  24 black draconians
  9 eleionomae
  19 red draconians
  18 elemental wellsprings
  6 putrid mouths
  30 wendigos
  54 starcursed masses
  19 white draconians
  7 bunyips
  29 deep elf annihilators
  A spectral titan (Tar:6)
  22 iron golems
  16 blizzard demons
  14 purple draconians
  An ettin (shapeshifter) (Zig:27)
  2 merfolk impalers
  19 eidola
  2 crystal guardians (Zig:27)
  31 deep elf high priests
  52 mummy priests
  12 ettins
  A quicksilver dragon zombie (Zig:10)
  9 jiangshi
  23 deep elf death magi
  10 merfolk javelineers
  A spectral quicksilver dragon (Tar:4)
  5 shambling mangroves
  8 green deaths
  20 yaktaur captains
  15 entropy weavers
  2 fire dragons
  5 great orbs of eyes
  5 spriggan zombies
  34 vault guards
  9 ice dragons
  5 rakshasas
  19 hydras
  An ice dragon (shapeshifter) (Zig:27)
  41 salamander tyrants
  3 peacekeepers
  A spectral spriggan (Tar:3)
  3 quicksilver dragon skeletons
  5 catoblepae (Lair:5)
  3 spriggan air magi
  2 hell beasts
  4 alligator snapping turtles (Zig:14)
  14 centaur warriors
  6 ghost crabs
  9 spriggan skeletons
  9 caustic shrike simulacra
  3 ogre magi
  20 stokers
  8 anacondas
  15 boulder beetles
  5 jorogumos
  A death knight (Crypt:1)
  11 juggernaut simulacra
  A boulder beetle (shapeshifter) (Zig:17)
  A sphinx zombie (Depths:1)
  46 dancing weapons
  5 ironbound frosthearts
  A spectral human (Tar:2)
  2 two-headed ogres (shapeshifter)
  15 alligators
  8 radroaches
  6 two-headed ogres
  38 hell hogs
  2 merfolk aquamancers (Zig:5)
  5 naga warriors
  46 death scarabs
  2 titan zombies
  4 deep troll shamans
  12 death yaks
  4 satyrs
  A spectral naga (Tar:4)
  9 tengu warriors
  22 vampire magi
  A sphinx skeleton (Zig:20)
  7 deep troll earth magi
  5 spriggan berserkers
  7 shock serpents (Zig:23)
  26 hell knights
  11 naga sharpshooters
  16 orc high priests
  17 soul eaters
  14 thrashing horrors
  Sonja (D:10)
  21 demonic crawlers
  A spectral dire elephant (Tar:3)
  54 sun demons
  15 wretched stars
  3 titan skeletons
  A spark wasp zombie (Zig:10)
  2 skysharks (Depths:3)
  11 crystal echidnas
  A skyshark (shapeshifter) (Depths:2)
  23 deep elf knights
  6 spatial maelstroms
  37 skeletal warriors
  3 salamander mystics
  3 storm dragon skeletons
  41 deep trolls
  15 iron trolls
  A cherub (Depths:2)
  18 pharaoh ants
  6 sun moths
  9 goliath frogs
  A sea snake (shapeshifter) (Zig:17)
  38 shadow wraiths
  A death drake (Zig:14)
  A death drake (shapeshifter) (Zig:27)
  12 sixfirhies
  3 quicksilver dragon simulacra
  9 flayed ghosts
  4 naga ritualists
  A golden dragon zombie (Crypt:1)
  8 spriggan druids
  3 obsidian statues
  A ghost moth zombie (Crypt:1)
  19 swamp dragons
  Lodul (D:14)
  2 anaconda zombies (Hell)
  2 tengu zombies
  A fenstrider witch simulacrum (Coc:1)
  A golden dragon skeleton (Zig:19)
  2 orb spiders (shapeshifter)
  5 glowing orange brains
  4 spectral hydras (Swamp:4)
  2 sea snakes
  39 deep elf archers
  6 shadow demons (Pan)
  6 spriggan simulacra
  A kraken simulacrum (Hell)
  19 orb spiders
  4 orange crystal statues
  17 ironbound convokers
  4 anaconda skeletons
  8 wizards
  13 steelbarb worms
  5 mana vipers
  13 orc knights
  20 phantasmal warriors
  3 lindwurms
  58 deep elf zephyrmancers
  3 iron dragon zombies
  12 necromancers
  9 oklob plants
  9 bog bodies
  24 orc sorcerers
  9 cyclopes
  A glowing shapeshifter (Depths:3)
  9 will-o-the-wisps
  63 deep elf pyromancers
  4 harpies (Vaults:1)
  32 wolf spiders
  2 tengu skeletons (Zig:20)
  7 shining eyes
  A stone giant skeleton (Crypt:1)
  30 ugly things
  A manticore (shapeshifter) (Zig:15)
  49 large abominations
  A salamander (Depths:2)
  A stone giant zombie (Crypt:2)
  5 manticores
  2 shining eyes (shapeshifter)
  21 elephants
  2 elephants (shapeshifter)
  2 fauns (Zig:12)
  A goliath frog skeleton (Crypt:2)
  An alligator skeleton (Hell)
  An iron dragon skeleton (Tar:7)
  2 moths of wrath (shapeshifter)
  34 moths of wrath
  A cyclops (shapeshifter) (Zig:17)
  3 dire elephant zombies
  An eye of devastation (shapeshifter) (Vaults:5)
  2 centaur zombies
  A water nymph (shapeshifter) (Zig:11)
  Maurice (Orc:1)
  8 guardian serpents
  8 rust devils
  A torpor snail (shapeshifter) (Zig:17)
  4 naga magi
  5 eyes of devastation
  25 black mambas
  6 apocalypse crabs
  A cane toad (shapeshifter) (Vaults:5)
  2 molten gargoyles (Hell)
  5 gargoyles
  35 smoke demons
  17 vault sentinels
  2 ice statues (Zig:24)
  16 orange demons
  12 cane toads
  An alligator snapping turtle zombie (Crypt:2)
  4 titan simulacra
  18 torpor snails
  2 unseen horrors
  A purple draconian zombie (Crypt:1)
  2 storm dragon simulacra
  111 guardian mummies
  A dire elephant skeleton (Tomb:3)
  36 hellions
  A centaur skeleton (Pan)
  An orc skeleton (Pan)
  3 kobold demonologists
  3 rime drakes
  8 freezing wraiths
  4 komodo dragons
  7 tengu conjurers
  A rime drake (shapeshifter) (Zig:24)
  A bunyip simulacrum (Crypt:3)
  6 anaconda simulacra
  10 ice devils
  2 efreet (Pan)
  12 yaktaurs
  3 iron giant simulacra
  A harpy zombie (Tomb:2)
  7 red devils
  2 spectral harpies
  4 death drake zombies
  2 hydra zombies (Swamp:4)
  A sea snake skeleton (Hell)
  19 ancient zymes
  5 merfolk
  43 tarantellas
  15 trolls
  2 tengu simulacra
  22 tormentors
  6 hellwings
  9 meliai
  3 polar bears
  12 tyrant leeches
  Prince Ribbit (Lair:3)
  5 bloated husks
  A death drake skeleton (Swamp:4)
  4 harpy skeletons
  An iron dragon simulacrum (Coc:2)
  A wind drake (Zig:5)
  A human skeleton (Vaults:1)
  An ettin zombie (Depths:1)
  18 hornets
  A culicivora zombie (Crypt:1)
  15 raiju
  7 dream sheep (Lair:5)
  A frost giant simulacrum (Depths:1)
  10 blink frogs
  A dream sheep (shapeshifter) (Vaults:5)
  7 hydra skeletons
  A snapping turtle (Zig:5)
  56 slime creatures
  32 culicivoras
  21 ynoxinuls
  48 ushabtiu
  6 centaur simulacra
  An ettin skeleton (Tomb:3)
  A vampire (D:9)
  44 jumping spiders
  5 shadows
  8 dire elephant simulacra
  14 wraiths
  4 air elementals
  72 flying skulls
  6 spriggans
  15 water elementals
  56 yaks
  An elf zombie (Vaults:1)
  8 naga simulacra
  2 wyverns
  8 fire elementals
  3 redbacks (shapeshifter)
  An alligator snapping turtle simulacrum (Coc:3)
  13 golden eyes
  20 vampire mosquitoes
  4 basilisks
  19 chaos spawn
  79 redbacks
  30 neqoxecs
  A sea snake simulacrum (Hell)
  9 swamp worms
  A steam dragon (D:9)
  A warg (shapeshifter) (Zig:27)
  8 wargs
  10 nagas
  2 glowing shapeshifter zombies
  3 naga zombies
  18 harpy simulacra
  10 water moccasins
  5 hydra simulacra
  2 glowing shapeshifter skeletons (Zig:20)
  2 floating eyes
  68 orc warriors
  A black bear (shapeshifter) (Vaults:5)
  4 ettin simulacra
  Pargi (Sewer)
  An ice beast (D:7)
  A sky beast (D:8)
  2 swamp dragon zombies (Swamp:4)
  A hornet zombie (Crypt:1)
  A black bear (Lair:1)
  9 wolves
  9 swamp drakes
  2 boggarts (Elf:1)
  28 ogres
  A manticore skeleton (Crypt:1)
  3 swamp dragon skeletons (Swamp:4)
  10 centaurs
  2 phantoms
  3 small abominations
  3 kobold brigands
  5 glowing shapeshifter simulacra
  3 necrophages (Crypt:1)
  A wyvern zombie (Crypt:2)
  2 gnoll sergeants
  11 earth elementals
  3 scorpions
  11 bullfrogs
  A komodo dragon skeleton (Crypt:1)
  6 wights
  4 killer bees (D:9)
  8 electric eels
  3 howler monkeys
  A crimson imp (Abyss:3)
  7 hounds
  A black bear zombie (Crypt:1)
  17 orc priests
  6 iguanas
  2 gnoll boudas
  Jessica (D:3)
  22 orc wizards
  3 sleepcaps
  7 hell rats (Hell)
  A naga skeleton (Crypt:2)
  A hound zombie (Crypt:2)
  138 mummies
  Robin (D:2)
  17 gnolls
  12 adders
  A steam dragon zombie (Crypt:2)
  A shadow imp (D:3)
  2 white imps
  An ufetubus (D:3)
  54 orcs
  6 ball pythons
  9 bats
  2 endoplasms
  2 giant cockroaches (D:2)
  A gnoll zombie (Crypt:2)
  12 goblins
  8 hobgoblins
  2 jackals (D:3)
  2 quokkas
  An endoplasm zombie (Crypt:2)
  6 frilled lizards
  18 kobolds
  5 rats
  3 ball lightnings (Pan)
  3 creeping infernos
  17 fire vortices (Zig:16)
  3 spectral weapons
  7 starspawn tentacles
  2 tentacles (Hell)
5497 creatures vanquished.

Vanquished Creatures (collateral kills)
  A dread lich (Zig:21)
  A royal mummy (Zig:20)
  A Killer Klown (Zig:15)
  2 shard shrikes (Zig:26)
  A golden dragon (Vaults:5)
  An iron giant (Zig:22)
  A hellephant (Zig:27)
  A lich (Zig:21)
  An acid blob (Zig:13)
  4 pandemonium lords
  A shadow dragon (Vaults:5)
  A demonspawn warmonger (Zig:11)
  A revenant (Zig:21)
  A daeva (Zig:27)
  A fire giant (Depths:3)
  An azure jelly (Zig:26)
  2 narguns (Zig:26)
  A vault warden (Vaults:5)
  A deep elf sorcerer (Depths:2)
  A ghoul (Zig:21)
  A reaper (Zig:19)
  A stone giant (Vaults:5)
  A vampire knight (Zig:21)
  A green draconian (Zig:16)
  A very ugly thing (Pan)
  2 lorocyprocas (Pan)
  An ettin (Vaults:5)
  3 eidola
  A blizzard demon (Pan)
  A deep elf death mage (Elf:3)
  A jorogumo (Zig:23)
  A thrashing horror (Zig:27)
  A spriggan simulacrum (Zig:26)
  An orange demon (Pan)
  A smoke demon (Zig:27)
  A freezing wraith (Vaults:5)
  2 guardian mummies (Zig:20)
  An ancient zyme (Zig:27)
  An iron dragon simulacrum (Zig:26)
  An air elemental (Zig:24)
  2 ynoxinuls
  4 golden eyes (Pan)
  A chaos spawn (Zig:15)
  A floating eye (shapeshifter) (Zig:15)
  3 starcursed masses
  14 mummies (Zig:20)
74 creatures vanquished.

Vanquished Creatures (others)
  A thorn hunter (Zig:14)
  An eldritch tentacle (Pan)
  A revenant (Zig:26)
  A fire giant (Depths:2)
  A shard shrike simulacrum (Coc:7)
  3 curse skulls (Zig:26)
  A kraken zombie (Hell)
  A deep elf high priest (Zig:25)
  A juggernaut simulacrum (Coc:7)
  A soul eater (Zig:26)
  A deep elf knight (Elf:1)
  A death drake (Zig:14)
  A swamp dragon (Zig:14)
  4 phantasmal warriors (Zig:26)
  A deep elf zephyrmancer (Elf:3)
  A mana viper (Zig:21)
  A wolf spider (Zig:23)
  A smoke demon (Pan)
  An unseen horror (shapeshifter) (Zig:24)
  An iron giant simulacrum (Coc:7)
  A water elemental (Zig:5)
  A chaos spawn (Pan)
  A neqoxec (Pan)
  A harpy simulacrum (Coc:1)
  A hydra simulacrum (Coc:7)
  An orc priest (Orc:2)
  A creeping inferno (Geh:6)
  806 fire vortices
  8 foxfires
  A lurking horror (Zot:5)
  9 starspawn tentacles
  8 tentacles (Hell)
864 creatures vanquished.

Grand Total: 6435 creatures vanquished

Notes
Turn   | Place    | Note
-------+----------+-------------------------------------------
     0 | D:1      | KimchiStew the Meteoran Earth Elementalist began the quest
                  | for the Orb.
     0 | D:1      | Reached XP level 1. HP: 14/14 MP: 5/5
   178 | D:2      | Reached XP level 2. HP: 22/22 MP: 3/6
   348 | D:2      | Reached skill level 1 in Fighting
   348 | D:2      | Reached XP level 3. HP: 28/28 MP: 2/8
   351 | D:2      | Learned a level 2 spell: Passwall
   355 | D:2      | Learned a level 3 spell: Stone Arrow
   576 | D:3      | Noticed Jessica
   578 | D:3      | Killed Jessica
   579 | D:3      | Reached XP level 4. HP: 31/35 MP: 5/10
   589 | D:3      | Reached skill level 1 in Conjurations
   631 | D:3      | Found a faded altar of an unknown god.
   640 | D:3      | Reached skill level 1 in Armour
   679 | D:3      | Learned a level 3 spell: Frozen Ramparts
   696 | D:3      | Reached XP level 5. HP: 40/40 MP: 9/11
   707 | D:3      | Reached skill level 5 in Earth Magic
   715 | D:3      | Noticed Robin
   807 | D:2      | Killed Robin
   808 | D:2      | Reached skill level 1 in Ice Magic
   840 | D:3      | Reached XP level 6. HP: 46/48 MP: 10/12
  1188 | D:4      | Found a burning altar of Makhleb.
  1225 | D:4      | Found a staircase to the Ecumenical Temple.
  1231 | D:4      | Reached XP level 7. HP: 55/55 MP: 8/14
  1237 | Temple   | Found a transporter.
  1237 | Temple   | Found a transporter.
  1237 | Temple   | Found a transporter.
  1237 | Temple   | Found a transporter.
  1237 | Temple   | Entered the Ecumenical Temple
  1278 | D:4      | Found a glowing drain.
  1296 | Sewer    | Entered a sewer
  1344 | Sewer    | Noticed Pargi
  1348 | Sewer    | Killed Pargi
  1349 | Sewer    | Reached skill level 1 in Polearms
  1476 | D:5      | Entered Level 5 of the Dungeon
  1577 | D:5      | Reached XP level 8. HP: 61/61 MP: 15/15
  2184 | D:6      | Reached skill level 5 in Spellcasting
  2221 | D:6      | Found a runed translucent door.
  2221 | D:6      | Noticed Yorgos's ghost (novice OpSh)
  2252 | D:6      | Found a runed translucent door.
  2291 | D:6      | Found a shadowy altar of Dithmenos.
  2310 | D:6      | Found a runed translucent door.
  2311 | D:6      | Found a runed translucent gate.
  2315 | D:6      | Found a runed translucent gate.
  2315 | D:6      | Noticed a redback
  2321 | D:6      | Found a runed translucent door.
  2322 | D:6      | Found the +9 staff of Olgreb {rPois∞}
  2346 | D:6      | Gained mutation: You passively map the area around you.
                  | [Meteoran growth]
  2346 | D:6      | Reached XP level 9. HP: 65/67 MP: 13/17
  2429 | D:6      | Found a runed translucent gate.
  2562 | Temple   | Became a worshipper of Vehumet
  2870 | D:7      | Found Ubreus's Book Emporium.
  2882 | D:7      | Bought a book of Spatial Translocations for 270 gold pieces
  2909 | D:7      | Noticed a boulder beetle
  2931 | D:7      | Killed a boulder beetle
  2953 | D:7      | Found Emoamm Budea's Tremendous Tomes.
  3101 | D:7      | Reached skill level 5 in Conjurations
  3372 | D:8      | Found a shimmering blue altar of Sif Muna.
  3411 | D:8      | Reached XP level 10. HP: 69/73 MP: 16/20
  3417 | D:8      | Reached skill level 5 in Polearms
  3417 | D:8      | Reached skill level 5 in Armour
  3631 | D:8      | Identified the +2 pair of boots "Kaxytamab" {Int+4 Dex+4
                  | Slay+2}
  3846 | D:9      | Reached skill level 5 in Ice Magic
  3846 | D:9      | Reached skill level 1 in Evocations
  3917 | D:9      | Found an opulent altar of Gozag.
  3981 | D:9      | Found a snail-covered altar of Cheibriados.
  4073 | D:9      | Reached * piety under Vehumet
  4073 | D:9      | Offered knowledge of Magic Dart by Vehumet.
  4164 | D:9      | Found a bloodstained altar of Trog.
  4215 | D:9      | Reached skill level 10 in Earth Magic
  4304 | D:9      | Noticed a two-headed ogre
  4307 | D:9      | Killed a two-headed ogre
  4308 | D:9      | Reached XP level 11. HP: 57/79 MP: 11/23
  4392 | D:9      | Noticed a cyclops
  4392 | D:9      | Noticed a boulder beetle
  4392 | D:9      | Noticed a deep elf pyromancer
  4392 | D:9      | Noticed a wizard
  4392 | D:9      | Noticed a tengu warrior
  4392 | D:9      | Noticed a wizard
  4392 | D:9      | Noticed a cyclops
  4396 | D:9      | Killed a cyclops
  4396 | D:9      | Killed a wizard
  4396 | D:9      | Killed a wizard
  4402 | D:9      | Killed a cyclops
  4409 | D:9      | Killed a tengu warrior
  4410 | D:9      | Killed a boulder beetle
  4411 | D:9      | Reached skill level 10 in Spellcasting
  4431 | D:9      | Offered knowledge of Foxfire by Vehumet.
  4441 | D:9      | Killed a deep elf pyromancer
  4441 | D:9      | Reached ** piety under Vehumet
  4442 | D:9      | Reached skill level 10 in Conjurations
  4646 | D:10     | Entered Level 10 of the Dungeon
  4711 | D:10     | Reached XP level 12. HP: 61/91 MP: 2/27
  4771 | D:10     | Reached skill level 1 in Staves
  4795 | D:10     | Noticed Sonja
  4799 | D:10     | Reached skill level 5 in Fighting
  4807 | D:10     | Killed Sonja
  4935 | D:10     | Reached skill level 1 in Throwing
  4940 | D:10     | Found a staircase to the Orcish Mines.
  4948 | D:10     | Offered knowledge of Ignite Poison by Vehumet.
  5340 | D:10     | Found an iron altar of Okawaru.
  5395 | D:11     | Noticed a boulder beetle
  5399 | D:11     | Reached *** piety under Vehumet
  5409 | D:11     | Killed a boulder beetle
  5566 | D:11     | Noticed a boulder beetle
  5567 | D:11     | Found a staircase to the Lair.
  5569 | D:11     | Reached skill level 5 in Staves
  5578 | D:11     | Killed a boulder beetle
  5665 | D:11     | Found Gyiwn's Assorted Antiques.
  5736 | Lair:1   | Entered Level 1 of the Lair of Beasts
  5747 | Lair:1   | Offered knowledge of Mephitic Cloud by Vehumet.
  5748 | Lair:1   | Reached XP level 13. HP: 104/108 MP: 22/28
  5854 | Lair:1   | Reached skill level 5 in Throwing
  5974 | Lair:1   | Identified the ring "Ygyeff" {rF+ rN+ Dex+3}
  5983 | Lair:2   | Found a staircase to the Swamp.
  6125 | Lair:1   | Reached **** piety under Vehumet
  6152 | Lair:1   | Learned a level 6 spell: Starburst
  6215 | Lair:2   | Found a hole to the Spider Nest.
  6241 | Lair:2   | Offered knowledge of Irradiate by Vehumet.
  6244 | Lair:2   | Reached skill level 1 in Fire Magic
  6257 | Lair:2   | Learned a level 5 spell: Irradiate
  6302 | Lair:2   | Learned a level 5 spell: Fireball
  6435 | Lair:3   | Noticed Prince Ribbit
  6442 | Lair:3   | Killed Prince Ribbit
  6569 | Lair:3   | Reached skill level 5 in Fire Magic
  6685 | Lair:3   | Reached ***** piety under Vehumet
  7021 | Lair:4   | Offered knowledge of Leda's Unmaking by Vehumet.
  7032 | Lair:4   | Learned a level 6 spell: Leda's Unmaking
  7104 | Lair:4   | Noticed a five-headed hydra
  7115 | Lair:4   | Reached XP level 14. HP: 119/119 MP: 18/30
  7157 | Lair:4   | Reached skill level 10 in Fighting
  7318 | Lair:4   | Found a staircase to the Slime Pits.
  7318 | Lair:4   | Found a viscous altar of Jiyva.
  7371 | Lair:5   | Entered Level 5 of the Lair of Beasts
  7649 | Lair:5   | Reached skill level 10 in Fire Magic
  7712 | Lair:5   | Reached XP level 15. HP: 110/126 MP: 25/32
  7756 | Lair:5   | Identified the +2 pair of boots of Lyff {*Slow rElec rPois
                  | rN+}
  7921 | Lair:5   | Offered knowledge of Flame Wave by Vehumet.
  8168 | Spider:1 | Entered Level 1 of the Spider Nest
  8381 | Spider:2 | Noticed an emperor scorpion
  8386 | Spider:2 | Killed an emperor scorpion
  8387 | Spider:2 | Reached XP level 16. HP: 112/134 MP: 20/33
  8396 | Spider:2 | Reached skill level 5 in Evocations
  8493 | Spider:2 | Offered knowledge of Eringya's Noxious Bog by Vehumet.
  8655 | Spider:2 | You fall into a shaft and drop 1 floor!
  8655 | Spider:3 | Noticed Roxanne
  8665 | Spider:3 | Killed Roxanne
  8699 | Spider:3 | Learned a level 2 spell: Blink
  8862 | Spider:4 | Entered Level 4 of the Spider Nest
  8862 | Spider:4 | Noticed an emperor scorpion
  9010 | Spider:4 | Reached skill level 5 in Dodging
  9063 | Spider:3 | Noticed an emperor scorpion
  9078 | Spider:3 | Killed an emperor scorpion
  9079 | Spider:3 | Reached XP level 17. HP: 111/144 MP: 6/34
  9087 | Spider:3 | Noticed Donald
  9153 | Spider:4 | Offered knowledge of Freezing Cloud by Vehumet.
  9185 | Spider:4 | Learned a level 5 spell: Freezing Cloud
  9370 | Spider:3 | Reached skill level 1 in Air Magic
  9463 | Spider:4 | Noticed Arachne
  9474 | Spider:4 | Killed Arachne
  9676 | Spider:3 | Killed Donald
  9699 | Spider:3 | Reached ****** piety under Vehumet
  9763 | Spider:4 | Reached skill level 15 in Conjurations
  9884 | Swamp:1  | Entered Level 1 of the Swamp
  9974 | Swamp:1  | Offered knowledge of Plasma Beam by Vehumet.
 10142 | Swamp:2  | Gained mutation: You passively map a large area around you.
                  | [Meteoran growth]
 10142 | Swamp:2  | Reached XP level 18. HP: 145/152 MP: 31/36
 10278 | Swamp:3  | Learned a level 6 spell: Plasma Beam
 10384 | Swamp:4  | Entered Level 4 of the Swamp
 10556 | Swamp:4  | Reached skill level 5 in Air Magic
 10560 | Swamp:4  | Identified the +5 plate armour of Sif Muna's Envy {Rampage
                  | Regen+}
 10614 | Swamp:4  | Offered knowledge of Ozocubu's Refrigeration by Vehumet.
 10615 | Swamp:4  | Reached skill level 15 in Fire Magic
 10779 | Swamp:4  | Found a basalt altar of Yredelemnul.
 10793 | Swamp:4  | Got a decaying rune of Zot
 10822 | Swamp:4  | Found a blossoming altar of Fedhas.
 10823 | Swamp:4  | Noticed a thorn hunter
 10830 | Swamp:4  | Killed a thorn hunter
 10888 | Swamp:3  | Reached XP level 19. HP: 157/160 MP: 33/38
 11089 | Orc:1    | Entered Level 1 of the Orcish Mines
 11105 | Orc:2    | Entered Level 2 of the Orcish Mines
 11234 | Orc:2    | Found a staircase to the Elven Halls.
 11296 | Orc:2    | Found Cosawn's Assorted Antiques.
 11296 | Orc:2    | Found Xicvudd's Jewellery Boutique.
 11298 | Orc:2    | Found Icvipn Icviq's Distillery.
 11298 | Orc:2    | Found Ijecoad's Weapon Boutique.
 11306 | Orc:2    | Bought a potion of curing for 42 gold pieces
 11306 | Orc:2    | Bought a potion of curing for 42 gold pieces
 11306 | Orc:2    | Bought a potion of curing for 42 gold pieces
 11306 | Orc:2    | Bought a potion of resistance for 140 gold pieces
 11309 | Orc:2    | Bought a +4 ring of protection for 468 gold pieces
 11309 | Orc:2    | Bought an amulet of reflection for 390 gold pieces
 11366 | Orc:2    | Offered knowledge of Spellforged Servitor by Vehumet.
 11779 | Orc:1    | Noticed Maurice
 11782 | Orc:1    | Found Edwun's General Store.
 11785 | Orc:1    | Killed Maurice
 11794 | Orc:1    | Bought a potion of haste for 130 gold pieces
 11984 | Elf:1    | Entered Level 1 of the Elven Halls
 12277 | Elf:1    | Found Iquveyme's General Store.
 12290 | Elf:1    | Bought a scroll of immolation for 56 gold pieces
 12290 | Elf:1    | Bought a scroll of blinking for 105 gold pieces
 12373 | Elf:1    | Reached skill level 15 in Spellcasting
 12390 | Elf:2    | Found Derarin's Jewellery Shoppe.
 12419 | Elf:2    | Bought a ring of see invisible for 255 gold pieces
 12446 | Elf:2    | Found a flickering gateway to a bazaar.
 12497 | Bazaar   | Entered a bazaar
 12506 | Bazaar   | Found Viahial's Antique Weapon Shoppe.
 12523 | Bazaar   | Found Orux Gik's Antique Weapon Emporium.
 12541 | Bazaar   | Found Hekenk's Antique Armour Emporium.
 12552 | Bazaar   | Found Cixo's Antique Armour Shoppe.
 12557 | Bazaar   | Bought a runed cloak for 165 gold pieces
 12625 | Elf:3    | Entered Level 3 of the Elven Halls
 12751 | Elf:3    | Offered knowledge of Fire Storm by Vehumet.
 12751 | Elf:3    | Offered knowledge of Shatter by Vehumet.
 12751 | Elf:3    | Offered knowledge of Chain Lightning by Vehumet.
 12791 | Elf:2    | Reached XP level 20. HP: 70/168 MP: 1/40
 12926 | Elf:3    | Paralysed by an air elemental for 1 turns
 13024 | Elf:3    | Noticed a Brimstone Fiend
 13197 | Elf:3    | Identified the +9 glaive "Qegitz" {venom, Int+3}
 13198 | Elf:3    | Identified the +7 spear of Plunder {drain, rC++}
 13217 | Elf:3    | Identified the +6 great mace of the Jumping Fool {freeze,
                  | rPois Stlth+}
 13219 | Elf:3    | Identified the +9 great sword of the Incandescent {venom,
                  | Int+4}
 13220 | Elf:3    | Identified the +7 quarterstaff of the Endless Expanse
                  | {speed, Will+ Str-3 Int+2}
 13504 | Elf:3    | Identified the +0 war axe "Gigob" {antimagic, rN+}
 13510 | Elf:3    | Reached skill level 10 in Air Magic
 13554 | Elf:3    | Identified the +11 longbow of the Shifting Gods {freeze,
                  | rC+ rN+ Dex+5}
 13586 | Elf:3    | Found the necklace of Bloodlust {Fury *Rage Will++ Int-3
                  | Slay+6}
 13602 | Elf:3    | Got a colourful book
 13650 | Elf:3    | Identified the staff of World Downfall {rCorr Conj}
 13768 | Elf:1    | Identified the +2 pair of gloves "Zoiriasa" {Regen+ rCorr
                  | Str-5 Slay+6}
 13777 | Elf:1    | Glimpsed the power of Zot.
 14094 | Spider:4 | Reached skill level 15 in Earth Magic
 14305 | Spider:4 | Reached XP level 21. HP: 160/174 MP: 30/41
 14432 | Spider:4 | Got a gossamer rune of Zot
 14534 | Spider:1 | Glimpsed the power of Zot.
 14701 | D:12     | Identified the +1 robe of the Grand God {Dex+3}
 14707 | D:12     | Noticed Frances
 14713 | D:12     | Killed Frances
 15515 | D:14     | Found a gate to the Vaults.
 15543 | Vaults:1 | Entered Level 1 of the Vaults
 16106 | Vaults:2 | Reached XP level 22. HP: 122/181 MP: 38/43
 16131 | Vaults:2 | Found a large runed translucent door.
 16131 | Vaults:2 | Found a large runed translucent door.
 16131 | Vaults:2 | Found a large runed translucent door.
 16131 | Vaults:2 | Found a large runed translucent door.
 16131 | Vaults:2 | Found a large runed translucent door.
 16131 | Vaults:2 | Found a large runed translucent door.
 16131 | Vaults:2 | Found a large runed translucent door.
 16131 | Vaults:2 | Found a large runed translucent door.
 16131 | Vaults:2 | Noticed Deer Hump's ghost (veteran HuAr)
 16596 | Vaults:2 | Found a staircase to the Crypt.
 16834 | D:7      | Bought the Handbook of Combustion and Curses for 1104 gold
                  | pieces
 16843 | D:7      | Learned a level 8 spell: Ignition
 16854 | D:7      | Learned a level 9 spell: Fire Storm
 17104 | Vaults:3 | Found a transporter.
 17124 | Vaults:3 | Found a transporter.
 17277 | Vaults:3 | Paralysed by a formless jellyfish for 1 turns
 17279 | Vaults:3 | Paralysed by a formless jellyfish for 1 turns
 17330 | Vaults:3 | Noticed baljet's ghost (adept TrSh)
 17832 | Vaults:4 | Found Seule's Weapon Shoppe.
 18018 | Vaults:5 | Entered Level 5 of the Vaults
 18020 | Vaults:5 | Reached XP level 23. HP: 188/188 MP: 44/46
 18081 | Vaults:5 | Identified the +10 rapier of Fuekalebb {venom, Fly rF++ rC-
                  | Int-3}
 18180 | Vaults:5 | Noticed a golden dragon
 18190 | Vaults:5 | Killed a golden dragon
 18277 | Vaults:5 | Reached XP level 24. HP: 159/195 MP: 26/47
 18309 | Vaults:5 | Identified the +10 battleaxe of Truncation {spect, *Slow
                  | Will++ Str+4}
 18345 | Vaults:5 | Identified the +1 broad axe "Grim" {freeze, +Blink Dex+5}
 18405 | Vaults:5 | Got a silver rune of Zot
 18846 | Lair:4   | Learned a level 9 spell: Shatter
 18871 | Lair:4   | Found a transporter.
 18876 | Lair:4   | Noticed Uzysm's ghost (journeyman DsBe)
 18896 | Slime:1  | Entered Level 1 of the Pits of Slime
 18920 | Slime:2  | Paralysed by a formless jellyfish for 1 turns
 18929 | Slime:2  | Paralysed by a formless jellyfish for 1 turns
 18958 | Slime:5  | Entered Level 5 of the Pits of Slime
 18959 | Slime:5  | Found a viscous altar of Jiyva.
 18985 | Slime:5  | Gained mutation: Your magical capacity is low. (-10% MP) [a
                  | shining eye]
 19069 | Slime:5  | Paralysed by a formless jellyfish for 1 turns
 19168 | Slime:5  | Noticed the Royal Jelly
 19172 | Slime:5  | Killed the Royal Jelly
 19222 | Slime:5  | Identified the ring of the Crown {Ice rN+}
 19413 | Slime:5  | Found the +8 frozen axe "Frostbite" {freeze, freezing
                  | cloud, *Noise Fly rC+}
 19423 | Slime:5  | Identified the amulet "Zustre Siop" {Acrobat Will+ Regen+
                  | Str-2}
 19443 | Slime:5  | Got a foxed book
 19501 | Slime:5  | Identified the ring "Umiwen" {Fire rCorr Str-4 Int-5 SInv}
 19527 | Slime:5  | Got a slimy rune of Zot
 19542 | Slime:5  | Got a worn book
 19847 | D:14     | Noticed Lodul
 19848 | D:14     | Killed Lodul
 19882 | D:15     | Entered Level 15 of the Dungeon
 19895 | D:15     | Found a staircase to the Depths.
 19914 | Depths:1 | Entered Level 1 of the Depths
 19983 | Depths:1 | Found a portal to a secret trove of treasure.
 20029 | Depths:1 | Found a runed translucent gate.
 20029 | Depths:1 | Found a runed translucent gate.
 20029 | Depths:1 | Found a runed translucent gate.
 20029 | Depths:1 | Noticed Hacs's ghost (veteran DgCj)
 20031 | Depths:1 | Found a basalt altar of Yredelemnul.
 20092 | Depths:1 | Reached skill level 1 in Shapeshifting
 20119 | Depths:1 | Found an iron altar of Okawaru.
 20194 | Depths:1 | Found Wuikhlapt's Distillery.
 20203 | Depths:1 | Found Geimukhla's Weapon Boutique.
 20356 | Depths:2 | Reached XP level 25. HP: 196/203 MP: 28/43
 20501 | Depths:2 | Found Itedeyb's Jewellery Shop.
 20501 | Depths:2 | Found Ezenupi's Antique Armour Boutique.
 20518 | Depths:2 | Bought an encrusted leather armour for 245 gold pieces
 20518 | Depths:2 | Identified the +0 leather armour of Foolhardiness {Str+3}
                  | (You bought it in a shop on level 2 of the Depths)
 20520 | Depths:2 | Bought an embroidered cloak for 262 gold pieces
 20600 | Depths:3 | Found a one-way gate to the infinite horrors of the Abyss.
 20625 | Depths:3 | Noticed a golden dragon
 20778 | Depths:2 | Found a gateway to Hell.
 20789 | Depths:2 | Noticed a juggernaut
 20798 | Depths:2 | Killed a juggernaut
 20846 | Depths:2 | Reached skill level 10 in Armour
 20940 | Depths:2 | Reached skill level 10 in Dodging
 20993 | Depths:2 | Noticed a golden dragon
 20994 | Depths:2 | Found the +8 storm bow {elec, penet}
 21004 | Depths:2 | Killed a golden dragon
 21093 | Depths:3 | Found Perif's Book Shoppe.
 21109 | Depths:3 | Found Cail's Jewellery Shop.
 21110 | Depths:3 | Found Ucrige Huecw's Book Shoppe.
 21276 | Depths:3 | Found Cinej's Jewellery Shop.
 21295 | Depths:3 | Killed a golden dragon
 21369 | Depths:3 | Found a one-way gateway to a ziggurat.
 21389 | Zig:1    | Entered Level 1 of a ziggurat
 21410 | Zig:2    | Entered Level 2 of a ziggurat
 21432 | Zig:3    | Entered Level 3 of a ziggurat
 21452 | Zig:4    | Entered Level 4 of a ziggurat
 21455 | Zig:4    | Noticed Qaveobou the pandemonium lord
 21463 | Zig:4    | Killed Qaveobou the pandemonium lord
 21511 | Zig:4    | Identified the amulet of Votzi {RegenMP rF+ MP+9 Int+2}
 21531 | Zig:5    | Entered Level 5 of a ziggurat
 21539 | Zig:5    | Reached skill level 5 in Shapeshifting
 21565 | Zig:6    | Entered Level 6 of a ziggurat
 21589 | Zig:6    | Got a levitating book
 21594 | Zig:6    | Got a levitating book
 21623 | Zig:6    | Learned a level 9 spell: Chain Lightning
 21632 | Zig:7    | Entered Level 7 of a ziggurat
 21638 | Zig:7    | Noticed a shard shrike
 21642 | Zig:7    | Reached XP level 26. HP: 145/214 MP: 44/44
 21642 | Zig:7    | Killed a shard shrike
 21650 | Zig:7    | Identified the +9 rapier of Infinity {venom, *Corrode
                  | Str+4}
 21654 | Zig:7    | Identified the staff of Blood-Lust {rC+ Will+ Ice}
 21691 | Zig:8    | Entered Level 8 of a ziggurat
 21716 | Zig:8    | Found the +3 hat of Pondering {ponderous, Will+ MP+10
                  | Int+5}
 21749 | Zig:8    | Identified the staff "Toerrar" {rN++ Str+3 Dex+3 Earth}
 21784 | Zig:9    | Entered Level 9 of a ziggurat
 21817 | Zig:9    | Identified the +5 ring mail "Luumisi" {rPois rCorr}
 21825 | Zig:9    | Identified the +6 chain mail of the Fisher {Rampage +Blink
                  | Dex+2}
 21831 | Zig:9    | Identified the staff of Divine Integrity {rElec rPois rN+
                  | Int+2 Dex+4 Poison}
 21838 | Zig:10   | Entered Level 10 of a ziggurat
 21860 | Zig:10   | Identified the ring "Korriec" {rF- Str+2 Int+5 SInv}
 21865 | Zig:10   | Identified the amulet "Pemib" {Rampage Regen+ Int+3 Slay-4}
 21877 | Zig:11   | Entered Level 11 of a ziggurat
 21888 | Zig:11   | Noticed Juifuah the pandemonium lord
 21891 | Zig:11   | Killed Juifuah the pandemonium lord
 21934 | Zig:11   | Identified the staff of Trauma {rPois SInv Poison}
 21936 | Zig:11   | Reached XP level 27. HP: 222/222 MP: 44/44
 21940 | Zig:11   | Identified the +10 spear of Interdependent Arising
                  | {antimagic, Dex+3}
 21941 | Zig:11   | Identified the ring of Uminuafe {Wiz Contam rC+ Slay+5
                  | Stlth+}
 21950 | Zig:11   | Identified the +1 sling "Koj Irghe" {drain, rF- Int+3
                  | Dex+4}
 21956 | Zig:11   | Identified the +4 arbalest "Wuiq" {penet, Int+3 Dex+4}
 21968 | Zig:11   | Identified the +4 plate armour "Liofeza" {Str+5 Dex+6}
 21976 | Zig:12   | Entered Level 12 of a ziggurat
 21986 | Zig:12   | Noticed Wuucik the pandemonium lord
 21989 | Zig:12   | Killed Wuucik the pandemonium lord
 22083 | Zig:12   | Identified the +6 flail "Korytweg" {protect, rCorr Stlth+}
 22105 | Zig:13   | Entered Level 13 of a ziggurat
 22157 | Zig:13   | Gained mutation: Your magical capacity is very low. (-20%
                  | MP) [a neqoxec]
 22168 | Zig:13   | Lost mutation: Your magical capacity is very low. (-20% MP)
                  | [potion of mutation]
 22168 | Zig:13   | Lost mutation: Your magical capacity is low. (-10% MP)
                  | [potion of mutation]
 22168 | Zig:13   | Gained mutation: You occasionally lose the ability to read
                  | scrolls when taking damage. [potion of mutation]
 22168 | Zig:13   | Gained mutation: You have a somewhat thin skeletal
                  | structure. (Dex +2, Stealth+) [potion of mutation]
 22168 | Zig:13   | Gained mutation: You are covered in fur. (AC +1) [potion of
                  | mutation]
 22169 | Zig:13   | Lost mutation: You have a somewhat thin skeletal structure.
                  | (Dex +2, Stealth+) [potion of mutation]
 22169 | Zig:13   | Lost mutation: You are covered in fur. (AC +1) [potion of
                  | mutation]
 22169 | Zig:13   | Lost mutation: You occasionally lose the ability to read
                  | scrolls when taking damage. [potion of mutation]
 22169 | Zig:13   | Gained mutation: Your system is resistant to poisons.
                  | (rPois) [potion of mutation]
 22169 | Zig:13   | Gained mutation: You are partially covered in iridescent
                  | scales. (AC +2) [potion of mutation]
 22169 | Zig:13   | Gained mutation: Your movements are slightly less
                  | encumbered by armour. (ER -2) [potion of mutation]
 22176 | Zig:13   | Noticed a dread lich
 22180 | Zig:13   | Killed a dread lich
 22220 | Zig:13   | Identified the staff "Yqiurimu" {rPois Conj}
 22231 | Zig:13   | Got a well-preserved book
 22242 | Zig:14   | Entered Level 14 of a ziggurat
 22252 | Zig:14   | Found the ring of the Hare {EV+10}
 22297 | Zig:14   | Identified the +3 mace "Giant's Toothpick" {flame, Int+5}
 22307 | Zig:14   | Identified the +1 scale mail "Urull" {*Slow rElec Dex+3}
 22316 | Zig:14   | Identified the ring of Tevuxt {*Corrode rPois AC+4 Int+3}
 22321 | Zig:14   | Identified the staff of the Hungering Gods {rF+ Stlth+
                  | Fire}
 22333 | Zig:14   | Identified the +10 plate armour of Insurance {-Tele Harm
                  | rC+}
 22340 | Zig:15   | Entered Level 15 of a ziggurat
 22345 | Zig:15   | Noticed Rila the pandemonium lord
 22345 | Zig:15   | Noticed Qenyfek the pandemonium lord
 22356 | Zig:15   | Killed Qenyfek the pandemonium lord
 22357 | Zig:15   | Killed Rila the pandemonium lord
 22366 | Zig:15   | Noticed Gypnyroe the pandemonium lord
 22369 | Zig:15   | Noticed Sedet the pandemonium lord
 22370 | Zig:15   | Noticed Fabe the pandemonium lord
 22371 | Zig:15   | Noticed Cabliengu the pandemonium lord
 22372 | Zig:15   | Killed Gypnyroe the pandemonium lord
 22372 | Zig:15   | Killed Cabliengu the pandemonium lord
 22372 | Zig:15   | Killed Sedet the pandemonium lord
 22376 | Zig:15   | Killed Fabe the pandemonium lord
 22377 | Zig:15   | Killed Zafuhemm the pandemonium lord
 22378 | Zig:15   | Noticed Quredghe the pandemonium lord
 22379 | Zig:15   | Noticed Muit the pandemonium lord
 22381 | Zig:15   | Killed Quredghe the pandemonium lord
 22383 | Zig:15   | Noticed a Killer Klown
 22384 | Zig:15   | Killed Muit the pandemonium lord
 22384 | Zig:15   | Noticed a Killer Klown
 22391 | Zig:15   | Killed a Killer Klown
 22393 | Zig:15   | Killed a Killer Klown
 22439 | Zig:15   | Identified the +1 pair of boots "Hurodois" {+Blink Str+5}
 22464 | Zig:15   | Identified the +4 spear of Dismemberment {flame, rF+ rC+
                  | Str+3 Dex+2}
 22467 | Zig:16   | Entered Level 16 of a ziggurat
 22541 | Zig:16   | Identified the ring "Didy" {rPois Str+2 Int-4 Slay+4}
 22560 | Zig:17   | Entered Level 17 of a ziggurat
 22713 | Zig:17   | Identified the staff "Faxio" {rElec rF+ SInv Air}
 22724 | Zig:17   | Identified the -1 pair of boots of Failure {Regen+}
 22729 | Zig:17   | Identified the +0 dagger of a Labyrinth {elec, rC+}
 22733 | Zig:18   | Entered Level 18 of a ziggurat
 22744 | Zig:18   | Noticed a dread lich
 22748 | Zig:18   | Killed a dread lich
 22756 | Zig:18   | Reached skill level 15 in Fighting
 22798 | Zig:18   | Found the +8 orange crystal plate armour {Archmagi, Int+3
                  | Clar}
 22826 | Zig:18   | Identified the staff "Dapeil" {Str-4 Int+4 Conj}
 22833 | Zig:18   | Identified the +2 great sword "Carphoylo" {drain, Drain rN+
                  | Str+2 Dex+2}
 22841 | Zig:18   | Identified the +1 leather armour "Hocua" {rC+ Str-4 Stlth+}
 22856 | Zig:19   | Entered Level 19 of a ziggurat
 22891 | Zig:19   | Noticed an ancient lich
 22895 | Zig:19   | Killed an ancient lich
 22896 | Zig:19   | Noticed a dread lich
 22898 | Zig:19   | Killed a dread lich
 22955 | Zig:19   | Identified the orb of the Everdark {*channel, Will+ Str+2}
 22978 | Zig:19   | Identified the +4 scale mail of the Kettle-Drum {Str+2
                  | Int-5 SInv}
 22992 | Zig:19   | Got a black book
 23019 | Zig:20   | Entered Level 20 of a ziggurat
 23053 | Zig:20   | Noticed a royal mummy
 23053 | Zig:20   | Noticed a royal mummy
 23055 | Zig:20   | Noticed a royal mummy
 23057 | Zig:20   | Killed a royal mummy
 23058 | Zig:20   | Killed a royal mummy
 23058 | Zig:20   | Killed a royal mummy
 23058 | Zig:20   | Noticed a royal mummy
 23058 | Zig:20   | Noticed a royal mummy
 23060 | Zig:20   | Killed a royal mummy
 23060 | Zig:20   | Killed a royal mummy
 23064 | Zig:20   | Noticed a royal mummy
 23065 | Zig:20   | Noticed a royal mummy
 23069 | Zig:20   | Killed a royal mummy
 23070 | Zig:20   | Noticed a royal mummy
 23070 | Zig:20   | Noticed a royal mummy
 23071 | Zig:20   | Killed a royal mummy
 23072 | Zig:20   | Killed a royal mummy
 23072 | Zig:20   | Noticed a royal mummy
 23073 | Zig:20   | Noticed a royal mummy
 23075 | Zig:20   | Killed a royal mummy
 23076 | Zig:20   | Killed a royal mummy
 23076 | Zig:20   | Killed a royal mummy
 23081 | Zig:20   | Reached skill level 10 in Evocations
 23229 | Zig:21   | Entered Level 21 of a ziggurat
 23251 | Zig:21   | Reached skill level 15 in Air Magic
 23260 | Zig:21   | Noticed a dread lich
 23263 | Zig:21   | Killed a dread lich
 23365 | Zig:21   | Identified the amulet "Igrem" {Reflect rF- rCorr Int+2
                  | Slay+2 SH+5}
 23369 | Zig:21   | Got a leatherbound book
 23389 | Zig:21   | Identified the +11 short sword of Amofit {spect, Will+}
 23411 | Zig:22   | Entered Level 22 of a ziggurat
 23430 | Zig:22   | Noticed a caustic shrike
 23435 | Zig:22   | Killed a caustic shrike
 23435 | Zig:22   | Noticed a caustic shrike
 23437 | Zig:22   | Noticed a caustic shrike
 23439 | Zig:22   | Killed a caustic shrike
 23440 | Zig:22   | Killed a caustic shrike
 23441 | Zig:22   | Reached skill level 15 in Shapeshifting
 23455 | Zig:22   | Noticed a caustic shrike
 23456 | Zig:22   | Killed a caustic shrike
 23742 | Zig:22   | Identified the ring "Qaqin" {rF+ Will- rCorr Dex-5 SInv}
 23751 | Zig:22   | Identified the ring "Woggyps" {Fire rCorr Int+3}
 23778 | Zig:23   | Entered Level 23 of a ziggurat
 23843 | Zig:23   | Identified the +0 plate armour of the Griffon {-Cast
                  | Rampage Fly rPois}
 23844 | Zig:23   | Identified the amulet of Foru {Acrobat +Blink rF+ Int+3}
 23883 | Zig:23   | Identified the +7 chain mail of Dogma {rC+ rN+ Int+3}
 23917 | Zig:23   | Identified the +1 plate armour of the Old World {Will+
                  | Str-2 Stlth+}
 23948 | Zig:24   | Entered Level 24 of a ziggurat
 24031 | Zig:24   | Found the +8 pair of quick blades "Gyre" and "Gimble"
                  | {protect}
 24052 | Zig:24   | Identified the +1 robe of Magic {Dex+4}
 24074 | Zig:24   | Learned a level 8 spell: Lehudib's Crystal Spear
 24082 | Zig:24   | Learned a level 7 spell: Ozocubu's Refrigeration
 24092 | Zig:24   | Learned a level 9 spell: Polar Vortex
 24103 | Zig:25   | Entered Level 25 of a ziggurat
 24114 | Zig:25   | Noticed Lymagusm the pandemonium lord
 24114 | Zig:25   | Noticed Zikipeim the pandemonium lord
 24115 | Zig:25   | Noticed Mazair the pandemonium lord
 24117 | Zig:25   | Noticed Ozariv the pandemonium lord
 24117 | Zig:25   | Noticed Iloasod the pandemonium lord
 24118 | Zig:25   | Noticed Piroak the pandemonium lord
 24119 | Zig:25   | Noticed Giymoek the pandemonium lord
 24119 | Zig:25   | Noticed Mehacs the pandemonium lord
 24119 | Zig:25   | Noticed Ipebyasm the pandemonium lord
 24119 | Zig:25   | Noticed Jerpha the pandemonium lord
 24119 | Zig:25   | Noticed a Killer Klown
 24119 | Zig:25   | Noticed a Killer Klown
 24119 | Zig:25   | Noticed Miwyduut the pandemonium lord
 24119 | Zig:25   | Noticed Rowis the pandemonium lord
 24119 | Zig:25   | Noticed a Killer Klown
 24120 | Zig:25   | Noticed Kahuwku the pandemonium lord
 24120 | Zig:25   | Noticed Fiachazaeg the pandemonium lord
 24120 | Zig:25   | Noticed a Killer Klown
 24120 | Zig:25   | Noticed Xanoamyd the pandemonium lord
 24120 | Zig:25   | Noticed a Killer Klown
 24120 | Zig:25   | Found the +2 cloak of the Thief {*Fog Slay-2 SInv Stlth+}
 24123 | Zig:26   | Entered Level 26 of a ziggurat
 24175 | Zig:26   | Noticed a shard shrike
 24177 | Zig:26   | Killed a shard shrike
 24179 | Zig:26   | Noticed a shard shrike
 24179 | Zig:26   | Noticed a shard shrike
 24182 | Zig:26   | Killed a shard shrike
 24183 | Zig:26   | Killed a shard shrike
 24185 | Zig:26   | Noticed a shard shrike
 24186 | Zig:26   | Killed a shard shrike
 24227 | Zig:26   | Noticed a shard shrike
 24229 | Zig:26   | Killed a shard shrike
 24230 | Zig:26   | Reached skill level 15 in Armour
 24289 | Zig:26   | Got an uncut book
 24292 | Zig:26   | Identified the amulet of Xabra {Acrobat Str-3 Int+2 Dex+3}
 24319 | Zig:27   | Entered Level 27 of a ziggurat
 24394 | Zig:27   | Found the +3 pair of seven-league boots {Rampage+∞}
 24406 | Zig:27   | Found the +10 dark maul {heavy}
 24417 | Zig:27   | Identified the ring "Ukobox" {Wiz Str+3}
 24436 | Zig:27   | Identified the amulet of Sawuageo {RegenMP rC+ Dex+2}
 24439 | Zig:27   | Identified the ring "Ovvur" {rPois Int+3}
 24626 | Depths:3 | Found an ornate altar of the Wu Jian Council.
 24813 | Hell     | Entered the Vestibule of Hell
 24814 | Hell     | Noticed Geryon
 24817 | Hell     | Killed Geryon
 25010 | Depths:1 | You paid a toll of the horn of Geryon to enter a treasure
                  | trove
 25011 | Trove    | Entered a treasure trove
 25588 | Depths:2 | Found a hide-covered altar of Uskayaw.
 25627 | Depths:2 | Found a one-way gate leading to the halls of Pandemonium.
 25667 | Pan      | Entered Pandemonium
 25705 | Pan      | Noticed Inoroaheu the pandemonium lord
 25710 | Pan      | Killed Inoroaheu the pandemonium lord
 25895 | Pan      | Noticed Maimogg the pandemonium lord
 25895 | Pan      | Gained mutation: You are vulnerable to cold. (rC-) [a
                  | cacodemon]
 25899 | Pan      | Killed Maimogg the pandemonium lord
 25963 | Pan      | Got a demonic rune of Zot
 26197 | Pan      | Entered the realm of Lom Lobon.
 26234 | Pan      | Noticed Lom Lobon
 26245 | Pan      | Killed Lom Lobon
 26249 | Pan      | Got a magical rune of Zot
 26344 | Pan      | Entered the realm of Gloorx Vloq.
 26360 | Pan      | Noticed Gloorx Vloq
 26366 | Pan      | Killed Gloorx Vloq
 26397 | Pan      | Got a dark rune of Zot
 26650 | Pan      | Noticed Qamao the pandemonium lord
 26672 | Pan      | Killed Qamao the pandemonium lord
 26738 | Pan      | Found an exit through the horrors of the Abyss.
 26742 | Pan      | Entered the realm of Cerebov.
 26975 | Pan      | Found the +6 sword of Cerebov {flame}
 26975 | Pan      | Noticed Cerebov
 26980 | Pan      | Identified the ring of the Frog {rCorr Str+4}
 26981 | Pan      | Identified the +6 rapier of Forgiveness {heavy, rF++ Int+2
                  | Dex-3}
 26982 | Pan      | Killed Cerebov
 26982 | Pan      | Identified the +3 robe "Puqun" {Dex+5}
 26982 | Pan      | Identified the amulet "Itourenn" {Reflect Int+3 SH+5}
 26990 | Pan      | Reached skill level 10 in Ice Magic
 27060 | Pan      | Identified the staff of Impatience {Fragile rPois Will+
                  | SInv Poison}
 27074 | Pan      | Got a fiery rune of Zot
 27240 | Pan      | Gained mutation: Your magical capacity is low. (-10% MP) [a
                  | neqoxec]
 27290 | Pan      | Found an exit through the horrors of the Abyss.
 27348 | Pan      | Entered the realm of Mnoleg.
 27349 | Pan      | Noticed Mnoleg
 27353 | Pan      | Gained mutation: You are very vulnerable to cold. (rC--) [a
                  | cacodemon]
 27360 | Pan      | Killed Mnoleg
 27569 | Pan      | Got a glowing rune of Zot
 27657 | Pan      | Found an exit through the horrors of the Abyss.
 27677 | Pan      | Took an exit into the Abyss.
 27677 | Abyss:1  | Escaped into the Abyss
 27677 | Abyss:1  | Found a corrupted altar of Lugonu.
 27708 | Abyss:1  | Found a corrupted altar of Lugonu.
 27718 | Abyss:1  | Lost mutation: Your movements are slightly less encumbered
                  | by armour. (ER -2) [potion of mutation]
 27718 | Abyss:1  | Lost mutation: Your magical capacity is extremely low.
                  | (-30% MP) [potion of mutation]
 27718 | Abyss:1  | Lost mutation: You are partially covered in iridescent
                  | scales. (AC +2) [potion of mutation]
 27718 | Abyss:1  | Lost mutation: You are very vulnerable to cold. (rC--)
                  | [potion of mutation]
 27718 | Abyss:1  | Gained mutation: You are frail. (-10% HP) [potion of
                  | mutation]
 27718 | Abyss:1  | Gained mutation: You passively dampen the noise of your
                  | surroundings. [potion of mutation]
 27719 | Abyss:1  | Lost mutation: You are vulnerable to cold. (rC-) [potion of
                  | mutation]
 27719 | Abyss:1  | Lost mutation: You passively dampen the noise of your
                  | surroundings. [potion of mutation]
 27719 | Abyss:1  | Gained mutation: You are partially covered in large bone
                  | plates. (SH +4) [potion of mutation]
 28051 | Abyss:3  | Found a corrupted altar of Lugonu.
 28058 | Abyss:3  | Found a corrupted altar of Lugonu.
 28058 | Abyss:3  | Found a corrupted altar of Lugonu.
 28134 | Depths:2 | Escaped the Abyss
 28240 | Depths:2 | Voluntarily entered the Abyss.
 28270 | Abyss:3  | Got an abyssal rune of Zot
 28346 | Depths:2 | Escaped the Abyss
 28395 | Depths:4 | Entered Level 4 of the Depths
 28434 | Depths:4 | Found a gate to the Realm of Zot.
 28456 | Depths:4 | Reached skill level 10 in Staves
 28835 | Depths:3 | Identified a scroll of acquirement
 28844 | Depths:3 | Noticed a caustic shrike
 28848 | Depths:3 | Killed a caustic shrike
 28851 | Depths:3 | Noticed a caustic shrike
 28854 | Depths:3 | Killed a caustic shrike
 29082 | Depths:3 | Noticed Norris
 29084 | Depths:3 | Killed Norris
 29439 | Depths:4 | Identified the +8 quarterstaff "Rexellielo" {freeze,
                  | Will++}
 30149 | Vaults:5 | Identified the ring of Lerim {rF+ Str+6 Int+2}
 30151 | Vaults:5 | Found the +7 hand cannon "Mule" {flame, backblast, rF+}
 30503 | Vaults:5 | Identified the amulet "Vaent" {Acrobat Rampage rC+++ Regen+
                  | MP-9}
 30617 | Vaults:5 | Identified the staff "Readot" {rF+ rN+ Int+2 Dex-5 Conj
                  | Fire}
 32179 | Elf:3    | Identified the +5 short sword "Duneogiv" {venom, rN++
                  | Int+4}
 32903 | Zot:1    | Entered Level 1 of the Realm of Zot
 32996 | Zot:1    | Noticed an orb of fire
 32996 | Zot:1    | Gained mutation: You occasionally lose the ability to read
                  | scrolls when taking damage. [an orb of fire]
 33001 | Zot:1    | Killed an orb of fire
 33002 | Zot:1    | Lost mutation: Your system is resistant to poisons. (rPois)
                  | [potion of mutation]
 33002 | Zot:1    | Lost mutation: You are frail. (-10% HP) [potion of
                  | mutation]
 33002 | Zot:1    | Gained mutation: Armour fits poorly on your strangely
                  | shaped body. [potion of mutation]
 33002 | Zot:1    | Gained mutation: Your spells are a little harder to cast,
                  | but a little more powerful. [potion of mutation]
 33003 | Zot:1    | Lost mutation: You are partially covered in large bone
                  | plates. (SH +4) [potion of mutation]
 33003 | Zot:1    | Lost mutation: You occasionally lose the ability to read
                  | scrolls when taking damage. [potion of mutation]
 33003 | Zot:1    | Gained mutation: You are agile. (Dex +4, Str/Int -1)
                  | [potion of mutation]
 33003 | Zot:1    | Gained mutation: You are covered in fur. (AC +1) [potion of
                  | mutation]
 33003 | Zot:1    | Gained mutation: You are very agile. (Dex +8, Str/Int -2)
                  | [potion of mutation]
 33004 | Zot:1    | Lost mutation: You are covered in fur. (AC +1) [potion of
                  | mutation]
 33004 | Zot:1    | Lost mutation: Armour fits poorly on your strangely shaped
                  | body. [potion of mutation]
 33004 | Zot:1    | Gained mutation: You have large cloven feet. [potion of
                  | mutation]
 33005 | Zot:1    | Lost mutation: Your spells are a little harder to cast, but
                  | a little more powerful. [potion of mutation]
 33005 | Zot:1    | Lost mutation: You have large cloven feet. [potion of
                  | mutation]
 33005 | Zot:1    | Lost mutation: You are very agile. (Dex +8, Str/Int -2)
                  | [potion of mutation]
 33005 | Zot:1    | Gained mutation: You expend magic power (3 MP) to
                  | strengthen your wands. [potion of mutation]
 33058 | Zot:1    | Found Besopty's CLEARANCE SALE!.
 33065 | Zot:1    | Bought a potion of curing for 9 gold pieces
 33099 | Zot:1    | Reached skill level 1 in Shields
 33390 | Zot:1    | Identified the +9 glaive of Ozantyot {heavy, Str+4}
 33737 | Zot:1    | Noticed a curse toe
 33742 | Zot:1    | Killed a curse toe
 33916 | Zot:2    | Reached skill level 5 in Shields
 34369 | Zot:2    | Identified the +8 arbalest "Eloboe" {freeze, Fly rN+ Str-3}
 34537 | Zot:3    | Reached skill level 15 in Ice Magic
 34551 | Zot:3    | Noticed a Killer Klown
 34553 | Zot:3    | Killed a Killer Klown
 34558 | Zot:3    | Noticed a curse toe
 34566 | Zot:3    | Killed a curse toe
 35477 | Zot:3    | Found a sacrificial altar of Ru.
 35826 | Zot:4    | Identified the +6 mace of Okawaru's Respect {heavy, Int+4}
 36030 | Zot:5    | Entered Level 5 of the Realm of Zot
 36230 | Zot:5    | Found a corrupted altar of Lugonu.
 36709 | Zot:5    | Noticed a dread lich
 36717 | Zot:5    | Killed a dread lich
 36817 | Zot:5    | Noticed an orb of fire
 36817 | Zot:5    | Noticed an orb of fire
 36817 | Zot:5    | Gained mutation: You are dopey. (Int -2) [an orb of fire]
 36818 | Zot:5    | Noticed a Killer Klown
 36820 | Zot:5    | Noticed a Killer Klown
 36821 | Zot:5    | Killed an orb of fire
 36825 | Zot:5    | Noticed a Killer Klown
 36841 | Zot:5    | Killed an orb of fire
 36843 | Zot:5    | Killed a Killer Klown
 36852 | Zot:5    | Killed a Killer Klown
 36855 | Zot:5    | Noticed an orb of fire
 36861 | Zot:5    | Killed an orb of fire
 36862 | Zot:5    | Reached skill level 15 in Dodging
 37083 | Zot:5    | Noticed a Killer Klown
 37086 | Zot:5    | Noticed a Killer Klown
 37088 | Zot:5    | Killed a Killer Klown
 37089 | Zot:5    | Killed a Killer Klown
 37093 | Zot:5    | Killed a Killer Klown
 37094 | Zot:5    | Noticed a Killer Klown
 37098 | Zot:5    | Killed a Killer Klown
 37190 | Zot:5    | Noticed an orb of fire
 37196 | Zot:5    | Gained mutation: You occasionally shout uncontrollably at
                  | your foes. [an orb of fire]
 37197 | Zot:5    | Killed an orb of fire
 37234 | Zot:5    | Noticed a Killer Klown
 37247 | Zot:5    | Killed a Killer Klown
 37339 | Zot:5    | Noticed a Killer Klown
 37340 | Zot:5    | Noticed a Killer Klown
 37341 | Zot:5    | Reached skill level 10 in Shields
 37343 | Zot:5    | Killed a Killer Klown
 37349 | Zot:5    | Killed a Killer Klown
 37360 | Zot:5    | Noticed an ancient lich
 37364 | Zot:5    | Killed an ancient lich
 37366 | Zot:5    | Noticed a dread lich
 37373 | Zot:5    | Killed a dread lich
 37868 | Zot:1    | You fall into a shaft and drop 1 floor!
 38383 | Crypt:1  | Entered Level 1 of the Crypt
 38989 | Crypt:2  | Identified the +6 hand axe "Zuoc" {heavy, rElec Str+3
                  | Int+2}
 38990 | Crypt:2  | Noticed Khufu
 38994 | Crypt:2  | Killed Khufu
 39391 | Crypt:2  | Found a runed translucent gate.
 39392 | Crypt:2  | Noticed Eroclych's ghost (adept GrFi)
 39392 | Crypt:2  | Found a runed translucent gate.
 39392 | Crypt:2  | Found a runed translucent gate.
 39392 | Crypt:2  | Found an opulent altar of Gozag.
 39393 | Crypt:2  | Found Faffid's Assorted Antiques.
 39394 | Crypt:2  | Found Pyatibb's Assorted Antiques.
 39401 | Crypt:2  | Killed Eroclych's ghost
 39411 | Crypt:2  | Bought 2 potions of magic for 400 gold pieces
 39411 | Crypt:2  | Bought a scroll of revelation for 187 gold pieces
 39411 | Crypt:2  | Bought a scroll of summoning for 237 gold pieces
 39412 | Crypt:2  | Bought a scroll of acquirement for 1248 gold pieces
 39412 | Crypt:2  | Bought a potion of mutation for 192 gold pieces
 39412 | Crypt:2  | Bought a potion of cancellation for 192 gold pieces
 39412 | Crypt:2  | Bought a scroll of teleportation for 72 gold pieces
 39412 | Crypt:2  | Acquired the +3 warlock's mirror {omnireflect}
 39412 | Crypt:2  | Found the +3 warlock's mirror {omnireflect}
 39414 | Crypt:2  | Acquired 986 gold pieces
 39753 | Crypt:2  | Found a basalt altar of Yredelemnul.
 39776 | Crypt:3  | Entered Level 3 of the Crypt
 39779 | Crypt:3  | Identified the staff of the Scroll {rElec rC+ SInv Ice}
 39779 | Crypt:3  | Identified the ring "Bariogh" {Ice *Slow rElec SInv Stlth+}
 39779 | Crypt:3  | Noticed Josephina
 39783 | Crypt:3  | Killed Josephina
 40053 | Crypt:3  | Noticed Vv
 40056 | Crypt:3  | Killed Vv
 40175 | Crypt:3  | Noticed a dread lich
 40183 | Crypt:3  | Killed a dread lich
 40185 | Crypt:3  | Found a staircase to the Tomb.
 40230 | Crypt:3  | Noticed Bai Suzhen
 40235 | Crypt:3  | Identified the amulet "Focongip" {Spirit Fly rElec Dex-3
                  | Stlth-}
 40236 | Crypt:3  | Killed Bai Suzhen
 40501 | Crypt:3  | Noticed a dread lich
 40501 | Crypt:3  | Noticed an ancient lich
 40503 | Crypt:3  | Killed a dread lich
 40503 | Crypt:3  | Killed an ancient lich
 40518 | Crypt:3  | Found an ancient bone altar of Kikubaaqudgha.
 41633 | Hell     | Found a gateway to the freezing wastes of Cocytus.
 41679 | Hell     | Found a gateway to the Iron City of Dis.
 41693 | Hell     | Lost mutation: You occasionally shout uncontrollably at
                  | your foes. [potion of mutation]
 41693 | Hell     | Lost mutation: You are dopey. (Int -2) [potion of mutation]
 41693 | Hell     | Lost mutation: You are agile. (Dex +4, Str/Int -1) [potion
                  | of mutation]
 41693 | Hell     | Gained mutation: You have very sharp teeth. [potion of
                  | mutation]
 41698 | Zig:1    | Entered Level 1 of a ziggurat
 41698 | Zig:1    | Noticed Xopudan the pandemonium lord
 41703 | Zig:1    | Killed Xopudan the pandemonium lord
 41717 | Zig:2    | Entered Level 2 of a ziggurat
 41749 | Zig:3    | Entered Level 3 of a ziggurat
 41776 | Zig:4    | Entered Level 4 of a ziggurat
 41799 | Zig:5    | Entered Level 5 of a ziggurat
 41805 | Zig:5    | Reached skill level 27 in Spellcasting
 41824 | Zig:6    | Entered Level 6 of a ziggurat
 41829 | Zig:6    | Noticed a curse toe
 41836 | Zig:6    | Killed a curse toe
 41925 | Zig:7    | Entered Level 7 of a ziggurat
 41930 | Zig:7    | Noticed a royal mummy
 41930 | Zig:7    | Noticed a royal mummy
 41934 | Zig:7    | Killed a royal mummy
 41934 | Zig:7    | Killed a royal mummy
 41935 | Zig:7    | Noticed a royal mummy
 41938 | Zig:7    | Killed a royal mummy
 41988 | Zig:7    | Identified the +3 whip of Infinity {heavy, rElec rF+}
 41992 | Zig:7    | Identified the ring "Cunedypp" {+Blink MP+9}
 41999 | Zig:8    | Entered Level 8 of a ziggurat
 42018 | Zig:8    | Identified the amulet of Satisfaction {Spirit rPois rF-
                  | rN+}
 42026 | Zig:8    | Identified the staff of the Feeding Saviour {rF+++ rCorr
                  | MP+9 Int-5 Conj}
 42039 | Zig:9    | Entered Level 9 of a ziggurat
 42063 | Zig:9    | Identified the ring "Gammoi" {rF- rC+ Dex+6 Slay+3}
 42072 | Zig:9    | Identified the +7 orcbow of Grace {speed, rPois Dex+4}
 42075 | Zig:10   | Entered Level 10 of a ziggurat
 42085 | Zig:10   | Noticed a royal mummy
 42091 | Zig:10   | Noticed a royal mummy
 42093 | Zig:10   | Killed a royal mummy
 42094 | Zig:10   | Killed a royal mummy
 42157 | Zig:10   | Identified the amulet "Ronuang" {rPois Regen+}
 42167 | Zig:10   | Identified the +1 orcbow of Dominance {drain, Fly rElec
                  | Will++ Str-3}
 42172 | Zig:11   | Entered Level 11 of a ziggurat
 42182 | Zig:11   | Noticed a Killer Klown
 42182 | Zig:11   | Noticed Irarej the pandemonium lord
 42182 | Zig:11   | Noticed a Killer Klown
 42182 | Zig:11   | Noticed a Killer Klown
 42183 | Zig:11   | Noticed a Killer Klown
 42185 | Zig:11   | Killed a Killer Klown
 42185 | Zig:11   | Killed a Killer Klown
 42185 | Zig:11   | Killed a Killer Klown
 42186 | Zig:11   | Killed Irarej the pandemonium lord
 42188 | Zig:11   | Killed a Killer Klown
 42188 | Zig:11   | Noticed a Killer Klown
 42191 | Zig:11   | Killed a Killer Klown
 42199 | Zig:11   | Got a humming book
 42227 | Zig:12   | Entered Level 12 of a ziggurat
 42263 | Zig:12   | Identified the +0 robe "Saty" {Int+4}
 42264 | Zig:12   | Identified the staff "Remeduv" {rN+ Will++ Dex+4 Necro}
 42268 | Zig:12   | Identified the +0 whip of Nightmares {flame, Drain rElec
                  | rPois rF++}
 42273 | Zig:13   | Entered Level 13 of a ziggurat
 42320 | Zig:13   | Identified the ring of Ohoggiv {rElec rPois AC+4 Slay-5
                  | SInv}
 42324 | Zig:13   | Identified the +5 falchion of Ovuid {venom, rC++ rCorr
                  | Str+3 SInv}
 42338 | Zig:14   | Entered Level 14 of a ziggurat
 42354 | Zig:14   | Found the +5 glaive of the Guard {elec, spectral}
 42358 | Zig:14   | Found the +10 morningstar "Eos" {elec, Halo rElec}
 42360 | Zig:14   | Found the brooch of Shielding {Spirit SH+8}
 42396 | Zig:15   | Entered Level 15 of a ziggurat
 42415 | Zig:15   | Reached skill level 15 in Shields
 42432 | Zig:15   | Identified the +8 quarterstaff "Reefot Dofa" {heavy,
                  | Fragile rElec rPois rC++}
 42497 | Zig:16   | Entered Level 16 of a ziggurat
 42650 | Zig:16   | Identified the +7 morningstar "Yghadel" {heavy, rF+ Str+2
                  | Stlth+}
 42653 | Zig:16   | Identified the +0 leather armour "Meot" {rN+}
 42663 | Zig:16   | Identified the +9 long sword "Tatali" {protect, Fragile
                  | Int+6 SInv}
 42674 | Zig:17   | Entered Level 17 of a ziggurat
 42686 | Zig:17   | Noticed an ancient lich
 42687 | Zig:17   | Noticed an ancient lich
 42688 | Zig:17   | Killed an ancient lich
 42689 | Zig:17   | Killed an ancient lich
 42710 | Zig:17   | Identified the amulet of Attitude {+Blink rF+++ Regen+
                  | rCorr Dex-5}
 42723 | Zig:17   | Identified the +3 demon whip "Tyhaubbe" {drain, rF+ rC+
                  | Str+3}
 42734 | Zig:17   | Identified the +6 chain mail of Action {rF+ rN+ Dex+2}
 42740 | Zig:18   | Entered Level 18 of a ziggurat
 42758 | Zig:18   | Noticed a shard shrike
 42759 | Zig:18   | Noticed a shard shrike
 42760 | Zig:18   | Killed a shard shrike
 42760 | Zig:18   | Killed a shard shrike
 42761 | Zig:18   | Noticed a shard shrike
 42763 | Zig:18   | Killed a shard shrike
 42764 | Zig:18   | Noticed a shard shrike
 42766 | Zig:18   | Killed a shard shrike
 42783 | Zig:18   | Identified the +0 swamp dragon scales of the Feral Wumpus
                  | {rPois Dex+6 Stlth+}
 42785 | Zig:18   | Identified the +0 chain mail "Zaaxoji" {Harm Rampage rF++
                  | rC-}
 42787 | Zig:18   | Identified the staff of the Shore {+Blink rPois rF+ Will-
                  | Poison}
 42792 | Zig:18   | Identified the +3 plate armour of the Big Bang {rF- rCorr
                  | Stlth+}
 42797 | Zig:18   | Identified the +4 orcbow "Ziclainusa" {flame, Fly}
 42805 | Zig:19   | Entered Level 19 of a ziggurat
 42822 | Zig:19   | Noticed a royal mummy
 42824 | Zig:19   | Noticed a royal mummy
 42825 | Zig:19   | Noticed a royal mummy
 42826 | Zig:19   | Noticed a royal mummy
 42827 | Zig:19   | Killed a royal mummy
 42827 | Zig:19   | Noticed a royal mummy
 42827 | Zig:19   | Noticed a royal mummy
 42828 | Zig:19   | Killed a royal mummy
 42828 | Zig:19   | Noticed a royal mummy
 42828 | Zig:19   | Noticed a royal mummy
 42828 | Zig:19   | Noticed a royal mummy
 42829 | Zig:19   | Killed a royal mummy
 42829 | Zig:19   | Killed a royal mummy
 42830 | Zig:19   | Killed a royal mummy
 42830 | Zig:19   | Noticed a royal mummy
 42830 | Zig:19   | Noticed a royal mummy
 42831 | Zig:19   | Killed a royal mummy
 42832 | Zig:19   | Killed a royal mummy
 42832 | Zig:19   | Killed a royal mummy
 42832 | Zig:19   | Killed a royal mummy
 42833 | Zig:19   | Noticed a royal mummy
 42833 | Zig:19   | Killed a royal mummy
 42834 | Zig:19   | Killed a royal mummy
 42836 | Zig:19   | Killed a royal mummy
 42870 | Zig:19   | Identified the +7 whip "Pissoina" {elec, Will++}
 42883 | Zig:19   | Got a dusty book
 42890 | Zig:20   | Entered Level 20 of a ziggurat
 42902 | Zig:20   | Noticed a royal mummy
 42902 | Zig:20   | Noticed a royal mummy
 42908 | Zig:20   | Killed a royal mummy
 42909 | Zig:20   | Noticed a royal mummy
 42909 | Zig:20   | Killed a royal mummy
 42910 | Zig:20   | Noticed a royal mummy
 42910 | Zig:20   | Noticed a royal mummy
 42910 | Zig:20   | Noticed a royal mummy
 42911 | Zig:20   | Noticed a royal mummy
 42912 | Zig:20   | Noticed a royal mummy
 42914 | Zig:20   | Reached skill level 27 in Conjurations
 42914 | Zig:20   | Reached skill level 27 in Fire Magic
 42914 | Zig:20   | Killed a royal mummy
 42914 | Zig:20   | Killed a royal mummy
 42914 | Zig:20   | Noticed a royal mummy
 42914 | Zig:20   | Noticed a royal mummy
 42915 | Zig:20   | Reached skill level 27 in Air Magic
 42915 | Zig:20   | Killed a royal mummy
 42915 | Zig:20   | Killed a royal mummy
 42915 | Zig:20   | Killed a royal mummy
 42916 | Zig:20   | Killed a royal mummy
 42916 | Zig:20   | Noticed a royal mummy
 42917 | Zig:20   | Killed a royal mummy
 42918 | Zig:20   | Killed a royal mummy
 42918 | Zig:20   | Noticed a royal mummy
 42920 | Zig:20   | Killed a royal mummy
 42921 | Zig:20   | Killed a royal mummy
 42939 | Zig:20   | Identified the +2 chain mail "Surgh" {Rampage Str+3 Dex+3}
 42941 | Zig:20   | Identified the +6 falchion "Nucw" {pain, rPois Dex+3}
 42972 | Zig:20   | Identified the +5 shortbow of Causality {antimagic, rC+
                  | Str+3 Int+2}
 42986 | Zig:21   | Entered Level 21 of a ziggurat
 43077 | Zig:21   | Identified the staff of Dim Light {Str+3 Dex+5 Earth}
 43096 | Zig:21   | Identified the amulet of Beps {Reflect rC+ SH+5}
 43111 | Zig:21   | Identified the +3 leather armour of Resourcefulness
                  | {Rampage Str+2 Int+2 Stlth+}
 43116 | Zig:22   | Entered Level 22 of a ziggurat
 43145 | Zig:22   | Reached skill level 27 in Earth Magic
 43261 | Zig:22   | Identified the ring of Larar {Ice rN+ Int+3 Dex+2 Stlth+}
 43269 | Zig:22   | Identified the +0 gold dragon scales "Xoisur" {rPois rF+
                  | rC+ Str+3 SInv Stlth+}
 43270 | Zig:22   | Identified the amulet of Sunlight {Reflect rPois rN+ Dex+4
                  | SH+5}
 43271 | Zig:22   | Identified the staff "Cowali Quse" {rC+ rCorr Int+2 Ice}
 43302 | Zig:23   | Entered Level 23 of a ziggurat
 43359 | Zig:23   | Identified the +3 great sword of Proximity {speed, rF+++
                  | rC- rN+++ Int-2}
 43449 | Zig:24   | Entered Level 24 of a ziggurat
 43534 | Zig:24   | Identified the +9 arbalest of Wisdom {drain, rF++ rC-
                  | Will+++ Dex+3}
 43538 | Zig:24   | Identified the +1 demon trident of Summertime {speed, rC+
                  | rN+ rCorr}
 43542 | Zig:24   | Identified the staff of Offence {SInv Earth}
 43543 | Zig:24   | Identified the ring of Jocore {rF+ Int+4}
 43548 | Zig:24   | Identified the +0 ring mail of Pevoso {Harm rElec rCorr}
 43566 | Zig:25   | Entered Level 25 of a ziggurat
 43589 | Zig:25   | Reached skill level 27 in Armour
 43639 | Zig:25   | Identified the staff of the Pit {Drain rPois rF+ Will+
                  | Fire}
 43661 | Zig:25   | Identified the ring of Rapuj {Will+ Str+2}
 43673 | Zig:26   | Entered Level 26 of a ziggurat
 43703 | Zig:26   | Noticed Yllipt's ghost (legendary GnWr)
 43703 | Zig:26   | Noticed Neapotai's ghost (veteran DsMo)
 43705 | Zig:26   | Noticed Poalor's ghost (legendary GnWn)
 43705 | Zig:26   | Noticed Qatt's ghost (legendary GnWn)
 43707 | Zig:26   | Noticed Lonang's ghost (legendary DESu)
 43707 | Zig:26   | Noticed Zaib's ghost (legendary CeHu)
 43708 | Zig:26   | Noticed Yllipt's ghost (legendary GnWr)
 43708 | Zig:26   | Noticed a curse toe
 43708 | Zig:26   | Noticed a curse toe
 43708 | Zig:26   | Noticed Diylu's ghost (veteran DsCj)
 43708 | Zig:26   | Noticed Tefur's ghost (legendary GnFi)
 43708 | Zig:26   | Noticed Poalor's ghost (legendary GnWn)
 43708 | Zig:26   | Noticed Jataj's ghost (legendary GrFi)
 43708 | Zig:26   | Noticed Yllipt's ghost (legendary GnWr)
 43708 | Zig:26   | Noticed Jecaful's ghost (legendary NaMo)
 43708 | Zig:26   | Noticed Amovulon's ghost (legendary GrEE)
 43708 | Zig:26   | Noticed Tefur's ghost (legendary GnFi)
 43708 | Zig:26   | Noticed Tefur's ghost (legendary GnFi)
 43708 | Zig:26   | Noticed Lonang's ghost (legendary DESu)
 43708 | Zig:26   | Noticed Jecaful's ghost (legendary NaMo)
 43708 | Zig:26   | Noticed Minism's ghost (legendary MiFi)
 43708 | Zig:26   | Noticed Diylu's ghost (veteran DsCj)
 43709 | Zig:26   | Noticed Jataj's ghost (legendary GrFi)
 43709 | Zig:26   | Noticed Zaib's ghost (legendary CeHu)
 43712 | Zig:27   | Entered Level 27 of a ziggurat
 43730 | Zig:27   | Noticed an ancient lich
 43730 | Zig:27   | Noticed a dread lich
 43731 | Zig:27   | Noticed a dread lich
 43732 | Zig:27   | Noticed an ancient lich
 43733 | Zig:27   | Killed an ancient lich
 43733 | Zig:27   | Killed a dread lich
 43733 | Zig:27   | Noticed a dread lich
 43734 | Zig:27   | Killed a dread lich
 43734 | Zig:27   | Killed an ancient lich
 43735 | Zig:27   | Killed a dread lich
 43736 | Zig:27   | Noticed an ancient lich
 43738 | Zig:27   | Noticed an ancient lich
 43738 | Zig:27   | Noticed an ancient lich
 43739 | Zig:27   | Noticed an ancient lich
 43740 | Zig:27   | Killed an ancient lich
 43741 | Zig:27   | Noticed a dread lich
 43742 | Zig:27   | Noticed an ancient lich
 43743 | Zig:27   | Killed an ancient lich
 43744 | Zig:27   | Killed an ancient lich
 43745 | Zig:27   | Killed a dread lich
 43745 | Zig:27   | Killed an ancient lich
 43745 | Zig:27   | Noticed an ancient lich
 43746 | Zig:27   | Killed an ancient lich
 43748 | Zig:27   | Killed an ancient lich
 43750 | Zig:27   | Noticed a dread lich
 43753 | Zig:27   | Killed a dread lich
 43764 | Zig:27   | Learned a level 8 spell: Infestation
 43774 | Zig:27   | Found the +1 cloak of Starlight {*Dazzle EV+4 Stlth--}
 43779 | Zig:27   | Identified the +3 eveningstar of the Forging Seeker {chaos,
                  | *Rage rElec rF+++ Str-3}
 43827 | Zig:27   | Identified the +9 dagger "Duisar" {speed, rF- rC- Str+8
                  | Dex+2}
 43838 | Zig:27   | Reached skill level 5 in Necromancy
 43905 | Dis:1    | Entered Level 1 of the Iron City of Dis
 44256 | Dis:4    | You fall into a shaft and drop 1 floor!
 44256 | Dis:5    | Found a huge runed gate.
 44256 | Dis:5    | Found a huge runed gate.
 44256 | Dis:5    | Found a huge runed gate.
 44256 | Dis:5    | Found a huge runed gate.
 44256 | Dis:5    | Found a huge runed gate.
 44256 | Dis:5    | Found a huge runed gate.
 44256 | Dis:5    | Found a huge runed gate.
 44256 | Dis:5    | Found a huge runed gate.
 44256 | Dis:5    | Found a huge runed gate.
 44256 | Dis:5    | Found a huge runed gate.
 44261 | Dis:5    | Found a huge runed gate.
 44261 | Dis:5    | Found a huge runed gate.
 44261 | Dis:5    | Found a huge runed gate.
 44261 | Dis:5    | Found a huge runed gate.
 44264 | Dis:5    | Found a huge runed gate.
 44268 | Dis:5    | Found a huge runed gate.
 44268 | Dis:5    | Found a huge runed gate.
 44268 | Dis:5    | Found a huge runed gate.
 44268 | Dis:5    | Found a huge runed gate.
 44367 | Dis:6    | Reached skill level 27 in Fighting
 44367 | Dis:6    | Reached skill level 10 in Necromancy
 44464 | Dis:6    | Noticed a caustic shrike
 44467 | Dis:6    | Killed a caustic shrike
 44480 | Dis:6    | Noticed a caustic shrike
 44480 | Dis:6    | Noticed a caustic shrike
 44482 | Dis:6    | Killed a caustic shrike
 44482 | Dis:6    | Killed a caustic shrike
 44522 | Dis:6    | Noticed a caustic shrike
 44526 | Dis:6    | Killed a caustic shrike
 44529 | Dis:6    | Noticed a caustic shrike
 44532 | Dis:6    | Killed a caustic shrike
 44630 | Dis:7    | Entered Level 7 of the Iron City of Dis
 44631 | Dis:7    | Noticed a caustic shrike
 44637 | Dis:7    | Killed a caustic shrike
 44640 | Dis:7    | Noticed an ancient lich
 44642 | Dis:7    | Killed an ancient lich
 44645 | Dis:7    | Noticed a dread lich
 44651 | Dis:7    | Killed a dread lich
 44992 | Dis:7    | Noticed a caustic shrike
 44994 | Dis:7    | Killed a caustic shrike
 45041 | Dis:7    | Noticed a caustic shrike
 45044 | Dis:7    | Killed a caustic shrike
 45050 | Dis:7    | Noticed a caustic shrike
 45055 | Dis:7    | Killed a caustic shrike
 45057 | Dis:7    | Noticed the Serpent of Hell
 45062 | Dis:7    | Killed the Serpent of Hell
 45078 | Dis:7    | Reached skill level 15 in Necromancy
 45162 | Dis:7    | Noticed a juggernaut
 45165 | Dis:7    | Identified the staff of the Nurturing Gods {Fragile rElec
                  | Str+6 Int+3 Air}
 45165 | Dis:7    | Noticed Dispater
 45167 | Dis:7    | Killed a juggernaut
 45171 | Dis:7    | Killed Dispater
 45239 | Dis:7    | Got an iron rune of Zot
 45270 | Dis:7    | Noticed a juggernaut
 45272 | Dis:7    | Killed a juggernaut
 45347 | Hell     | Found a gateway to the ashen valley of Gehenna.
 45368 | Geh:1    | Entered Level 1 of Gehenna
 45943 | Geh:6    | Noticed an ancient lich
 45946 | Geh:6    | Killed an ancient lich
 46222 | Geh:7    | Entered Level 7 of Gehenna
 46242 | Geh:7    | Reached skill level 27 in Ice Magic
 47132 | Geh:7    | Found the +13 sceptre of Asmodeus
 47132 | Geh:7    | Noticed Asmodeus
 47139 | Geh:7    | Killed Asmodeus
 47202 | Geh:7    | Got an obsidian rune of Zot
 47341 | Hell     | Found a gateway to the decaying netherworld of Tartarus.
 47354 | Tar:1    | Entered Level 1 of Tartarus
 47384 | Tar:1    | You fall into a shaft and drop 1 floor!
 48031 | Tar:7    | Entered Level 7 of Tartarus
 48120 | Tar:7    | Noticed a dread lich
 48124 | Tar:7    | Killed a dread lich
 48172 | Tar:7    | Noticed a dread lich
 48179 | Tar:7    | Killed a dread lich
 48302 | Tar:7    | Identified the +0 arbalest "Lifebane" {drain, Int+3}
 48314 | Tar:7    | Identified the staff "Osha" {rElec rPois SInv Air}
 48365 | Tar:7    | Identified the staff "Noarauv" {rElec rC+ Ice}
 48368 | Tar:7    | Identified the ring of Asceticism {rF- rC+ Int+4 Slay+2
                  | Stlth+}
 48371 | Tar:7    | Identified the ring "Inoapraw" {Fly Int+6}
 48375 | Tar:7    | Identified the staff "Quntiede" {rPois rN+ Int+5 Poison}
 48496 | Tar:7    | Identified the staff "Upydap" {rPois Str+4 Int+4 Poison}
 48575 | Tar:7    | Got a bone rune of Zot
 48582 | Tar:7    | Noticed Ereshkigal
 48584 | Tar:7    | Noticed a dread lich
 48588 | Tar:7    | Killed Ereshkigal
 48590 | Tar:7    | Killed a dread lich
 48766 | Coc:1    | Entered Level 1 of Cocytus
 48780 | Coc:1    | Paralysed by a wendigo for 1 turns
 48814 | Coc:2    | Noticed a shard shrike
 48816 | Coc:2    | Killed a shard shrike
 48819 | Coc:2    | Noticed a shard shrike
 48835 | Coc:2    | Killed a shard shrike
 48836 | Coc:2    | Reached skill level 27 in Necromancy
 48855 | Coc:3    | Reached skill level 1 in Translocations
 48921 | Coc:4    | Noticed a juggernaut
 48925 | Coc:4    | Killed a juggernaut
 48942 | Coc:4    | Reached skill level 5 in Stealth
 48947 | Coc:4    | Reached skill level 5 in Transmutations
 49062 | Coc:5    | Reached skill level 5 in Translocations
 49063 | Coc:5    | Noticed a shard shrike
 49065 | Coc:5    | Noticed a shard shrike
 49066 | Coc:5    | Killed a shard shrike
 49067 | Coc:5    | Killed a shard shrike
 49067 | Coc:5    | Noticed a shard shrike
 49071 | Coc:5    | Killed a shard shrike
 49219 | Coc:6    | Noticed a dread lich
 49221 | Coc:6    | Killed a dread lich
 49222 | Coc:6    | Noticed an ancient lich
 49224 | Coc:6    | Noticed a dread lich
 49224 | Coc:6    | Noticed a dread lich
 49225 | Coc:6    | Noticed a dread lich
 49226 | Coc:6    | Killed a dread lich
 49226 | Coc:6    | Killed a dread lich
 49226 | Coc:6    | Killed an ancient lich
 49226 | Coc:6    | Noticed a shard shrike
 49227 | Coc:6    | Noticed a dread lich
 49227 | Coc:6    | Noticed a shard shrike
 49228 | Coc:6    | Killed a shard shrike
 49228 | Coc:6    | Noticed a shard shrike
 49230 | Coc:6    | Killed a shard shrike
 49231 | Coc:6    | Killed a shard shrike
 49231 | Coc:6    | Killed a dread lich
 49236 | Coc:6    | Killed a dread lich
 49270 | Coc:6    | Noticed a shard shrike
 49272 | Coc:6    | Killed a shard shrike
 49382 | Coc:7    | Entered Level 7 of Cocytus
 49421 | Coc:7    | Noticed Antaeus
 49428 | Coc:7    | Killed Antaeus
 49444 | Coc:7    | Got an icy rune of Zot
 49456 | Coc:7    | Paralysed by a wendigo for 1 turns
 49476 | Coc:7    | Found the +0 pair of fencer's gloves {Riposte Dex+3}
 49476 | Coc:7    | Found the +6 Majin-Bo {spellvamp, MP+6 Int+6}
 49496 | Coc:7    | Identified the ring "Lelunk" {+Blink rPois Will+ Str-4
                  | Stlth-}
 49502 | Coc:7    | Identified the staff "Cirhui" {rC- Will+ SInv Conj}
 49511 | Coc:7    | Identified the +11 short sword of Tyajuid {venom, rF- rCorr
                  | Str+3}
 49523 | Coc:7    | Noticed a shard shrike
 49525 | Coc:7    | Killed a shard shrike
 50323 | Tomb:1   | Entered Level 1 of the Tomb of the Ancients
 50338 | Tomb:1   | Noticed a royal mummy
 50338 | Tomb:1   | Noticed a royal mummy
 50341 | Tomb:1   | Killed a royal mummy
 50342 | Tomb:1   | Killed a royal mummy
 50346 | Tomb:1   | Noticed a royal mummy
 50351 | Tomb:1   | Killed a royal mummy
 50352 | Tomb:1   | Reached skill level 15 in Evocations
 50354 | Tomb:1   | Noticed a royal mummy
 50355 | Tomb:1   | Noticed a royal mummy
 50356 | Tomb:1   | Killed a royal mummy
 50357 | Tomb:1   | Noticed a royal mummy
 50364 | Tomb:1   | Killed a royal mummy
 50364 | Tomb:1   | Noticed a royal mummy
 50364 | Tomb:1   | Noticed a royal mummy
 50365 | Tomb:1   | Noticed a royal mummy
 50366 | Tomb:1   | Killed a royal mummy
 50366 | Tomb:1   | Killed a royal mummy
 50367 | Tomb:1   | Reached skill level 10 in Stealth
 50367 | Tomb:1   | Killed a royal mummy
 50367 | Tomb:1   | Killed a royal mummy
 50368 | Tomb:1   | Reached skill level 10 in Transmutations
 50372 | Tomb:1   | Noticed a royal mummy
 50379 | Tomb:1   | Killed a royal mummy
 50380 | Tomb:1   | Reached skill level 10 in Translocations
 50417 | Tomb:1   | Noticed a royal mummy
 50422 | Tomb:1   | Killed a royal mummy
 50472 | Tomb:1   | Noticed a royal mummy
 50473 | Tomb:1   | Killed a royal mummy
 50478 | Tomb:1   | Noticed a royal mummy
 50483 | Tomb:1   | Killed a royal mummy
 50513 | Tomb:2   | Noticed a royal mummy
 50514 | Tomb:2   | Noticed a royal mummy
 50517 | Tomb:2   | Killed a royal mummy
 50517 | Tomb:2   | Killed a royal mummy
 50524 | Tomb:2   | Noticed a royal mummy
 50527 | Tomb:2   | Killed a royal mummy
 50530 | Tomb:2   | Noticed a royal mummy
 50532 | Tomb:2   | Killed a royal mummy
 50842 | Tomb:3   | Entered Level 3 of the Tomb of the Ancients
 50851 | Tomb:3   | Found the +8 autumn katana {manifold assault}
 50862 | Tomb:3   | Noticed a royal mummy
 50862 | Tomb:3   | Noticed a royal mummy
 50862 | Tomb:3   | Noticed a royal mummy
 50862 | Tomb:3   | Noticed a royal mummy
 50864 | Tomb:3   | Killed a royal mummy
 50864 | Tomb:3   | Killed a royal mummy
 50864 | Tomb:3   | Noticed a royal mummy
 50864 | Tomb:3   | Noticed a royal mummy
 50865 | Tomb:3   | Noticed a royal mummy
 50866 | Tomb:3   | Killed a royal mummy
 50866 | Tomb:3   | Killed a royal mummy
 50866 | Tomb:3   | Noticed a royal mummy
 50867 | Tomb:3   | Killed a royal mummy
 50868 | Tomb:3   | Killed a royal mummy
 50868 | Tomb:3   | Killed a royal mummy
 50869 | Tomb:3   | Killed a royal mummy
 50948 | Tomb:3   | Identified the +8 quarterstaff of the Living Dead {heavy,
                  | *Noise rN+++ Will- Dex+6}
 50949 | Tomb:3   | Identified the amulet of the Tired Gazing Coins {RegenMP
                  | rElec rF+ rC++ rCorr}
 50958 | Tomb:3   | Identified the +11 battleaxe of an ice cave {spect, rC++
                  | rCorr Str-2 SInv}
 50959 | Tomb:3   | Identified the +9 dagger of Exquisite Death {protect, Int+3
                  | Stlth+}
 50967 | Tomb:3   | Identified the staff "Qyts" {+Blink rPois Str+3 Poison}
 50970 | Tomb:3   | Identified the +0 scale mail of the Cooper {rF+ Str+7}
 50977 | Tomb:3   | Identified the +7 halberd of Hofen {flame, rF++ rN+ Int+3}
 50994 | Tomb:3   | Noticed a royal mummy
 50998 | Tomb:3   | Killed a royal mummy
 51035 | Tomb:3   | Found the +10 tower shield of Ignorance {rN+ Int-4}
 51066 | Tomb:3   | Got an exquisite book
 51237 | Tomb:3   | Got a golden rune of Zot
 51805 | Zot:5    | Got the Orb of Zot
 52037 | Depths:4 | Noticed Teshi the pandemonium lord
 52038 | Depths:4 | Killed Teshi the pandemonium lord
 52452 | D:$      | Escaped with the Orb!

Illustrated notes

Levels and vault maps discovered:
D:1:      spicycebolla_arrival_xxxplode, layout_loops_ring
D:2:      layout_loops_ring, skrybe_limestone_x, minmay_misc_feat_cross,
          minmay_puff
D:3:      layout_loops_ring, hellmonk_ecumenical_altar_arch_garden,
          eino_tiny_chamber, uniq_jessica, uniq_crazy_yiuf_cottage, uniq_robin
D:4:      layout_basic, mainiacjoe_overflow_small_starburst,
          minmay_temple_entry_statues_fountains, cheibrodos_sewer_entry_drain
D:5:      layout_cave_pools, serial_bayou, serial_bayou_ford_a,
          serial_bayou_pond_a, serial_bayou_pond_b, serial_bayou_shore_a
D:6:      layout_basic, marbit_many_paths, grunt_dithmenos_shadows,
          ebering_ghost_sewer_f, minmay_guarded_unrand_staff_of_olgreb
D:7:      layout_loops_ring, serial_shops, nicolae_book_shop_shelving,
          nicolae_shop_i_like_big_books
D:8:      layout_loops_ring, mainiacjoe_overflow_alcove_1,
          nicolae_concentric_dashed_squares_mild, kennysheep_generic_room_11
D:9:      minmay_the_grid_triangle_9x9_rhombus_full
          [minmay_the_grid_triangle_9x9_negative_grid,
          minmay_the_grid_triangle_9x9_impossible_snake,
          minmay_the_grid_triangle_9x9_minimal,
          minmay_the_grid_triangle_9x9_shrine,
          minmay_the_grid_triangle_9x9_zippers_horizontal,
          minmay_the_grid_triangle_9x9_odd_lines,
          minmay_the_grid_triangle_9x9_wacky_v,
          minmay_the_grid_triangle_9x9_prize_top_heavy], layout_stronghold,
          mainiacjoe_overflow_24_doors, lemuel_round_altar, grunt_gozag_statues,
          mainiacjoe_overflow_alcove_4, serial_bayou_pond_e,
          chequers_serial_rivers_micro_b
D:10:     layout_roguey, mainiacjoe_overflow_six_doors_small, erik_orc_3,
          uniq_sonja
D:11:     layout_rooms, erik_lair_island, serial_park_tiny_2,
          nicolae_stop_n_shop_1, hex_tiny
D:12:     layout_rooms, uniq_frances
D:13:     layout_loops_ring
D:14:     minmay_heptahexagon, layout_irregular_city,
          lightli_vaults_fourway_checkpoint, nicolae_tso_carved_into_rock,
          uniq_lodul, uniq_rupert
D:15:     grunt_enter_depths_giant_problem, layout_basic, serial_shops, shop
Temple:   hellmonk_temple_divided_pantheon
Lair:1:   layout_cave_pods, serial_bayou_lake_a
Lair:2:   layout_loops_ring, swamp_mist, spider_nest_entry_rubble,
          grunt_megastairs_2
Lair:3:   layout_concentric_octagons, grunt_megastairs_5, uniq_prince_ribbit2
Lair:4:   layout_loops_ring, minmay_slime_entry_oklob_open,
          gammafunk_ghost_berserking_beasts, serial_bayou_lagoon_b
Lair:5:   evilmike_catoblepas_cave, layout_loops_ring, infiniplex_staircase_pool
Swamp:1:  layout_falls_marsh, evilmike_swamp_ruin_house_4, swamp_pool3
Swamp:2:  layout_basic_swamp, evilmike_swamp_ruin_wall,
          nicolae_swamp_very_dense_foliage
Swamp:3:  layout_basic_swamp, evilmike_swamp_ruin_house_2, swamp_pool5
Swamp:4:  byrel_swamp_growth_death_and_undeath, layout_basic_swamp,
          nicolae_swamp_dragon_and_kin, uniq_mlioglotl
Spider:1: layout_spider_delve, hangedman_spider_tarantella_strand, uniq_louise
Spider:2: layout_spider_delve
Spider:3: layout_spider_delve, uniq_roxanne, uniq_donald
Spider:4: spider_rune_water, portal_ice_cave_entry_ice_statue_two, uniq_arachne
Slime:1:  layout_caves
Slime:2:  layout_caves
Slime:3:  layout_caves
Slime:4:  layout_caves, nicolae_slime_round_cave
Slime:5:  slime_pit_nicolae_jellycorners
Orc:1:    layout_caves, serial_shops,
          nicolae_shop_temple_entry_statues_fountains, uniq_maurice
Orc:2:    grunt_orc_tribal_feast, layout_caves
Elf:1:    eino_elf_arrival_customs, layout_loops_cross, serial_shops, shop,
          hangedman_elf_disciples, solitary_fountain, minmay_misc_feat_five
Elf:2:    nicolae_elf_blades_crystal_corner, layout_gridlike, serial_shops,
          bzr_entry_lakeside, shop, st_stairs_2
Elf:3:    grunt_elf_hall_branching, layout_onion_city,
          hangedman_elf_simple_split, grunt_ministairs_5
Vaults:1: hellmonk_guarded_unrand_gong, v_rooms_4, v_misc_11,
          ontoclasm_vaults_ring_small, nicolae_vaults_offset_grid_hallway_1,
          ontoclasm_vaults_ring_large, v_misc_3, nicolae_vaults_octothorpe,
          nicolae_vaults_alarming, ontoclasm_vaults_decontamination,
          nicolae_vaults_surprise_closet, grunt_vaults_twisty,
          nicolae_vaults_trapezoid_1, nicolae_vaults_trapezoid_lopsided_4,
          vaults_dpeg_hooks, layout_vaults_maze_bifur
Vaults:2: advil_vaults_ghost_lines, nicolae_vaults_storage_closets_1,
          nicolae_vaults_trapezoid_2, minmay_crypt_entry_simple_box,
          nicolae_vaults_branching_niches, v_misc_29, nicolae_vaults_house_3,
          nicolae_vaults_trapezoid_4, vaults_dpeg_doors, ontoclasm_vaults_fault,
          vaults_mumra_hexcomb, nicolae_vaults_tetromino_L_2,
          ontoclasm_vaults_gateway, nicolae_vaults_wine_cellar,
          nicolae_vaults_surprise_closet, layout_vaults_chaotic_city
Vaults:3: gammafunk_ghost_abyssal_escape, nicolae_vaults_disjoint_gnomons,
          vaults_room_boxed, v_alt_pattern_6, nicolae_vaults_little_ls,
          v_misc_22, nicolae_vaults_more_shelving_1, layout_vaults_omnigrid,
          serial_shops, shop
Vaults:4: v_misc_2, nicolae_vaults_network_square,
          nicolae_vaults_border_crossing, nicolae_vaults_trapezoid_4,
          nicolae_vaults_ninety_degrees, vaults_dpeg_encased_lava,
          st_hourglassy, nicolae_vaults_closet_pinwheel_3, v_rooms_5,
          ontoclasm_vaults_twist, vaults_room_pools, layout_vaults_omnibox,
          serial_shops, shop
Vaults:5
Crypt:1:  layout_gridlike, st_stairs_8, grunt_megastairs_3
Crypt:2:  ragdoll_tomb_raider, layout_gridlike, ebering_ghost_gozag,
          grunt_ministairs_14, st_stairs_10, minmay_strange_pillars,
          lemuel_upstairs_altar
Crypt:3:  quadcrypt_mu, uniq_bai_suzhen, uniq_vv, uniq_josephina
Tomb:1
Tomb:2
Tomb:3:   uniq_khufu
Depths:1: layout_cave_shapes, pf_hell_entry_tar_spiral, enter_trove_6,
          okawaru_trees_2, nicolae_yredelemnul_ghost_church, minmay_shop_star
Depths:2: evilmike_marble_ring, layout_cave_pools, nicolae_uskayaw_dance_hall,
          grunt_pan_entry_sceptre, nicolae_abyss_entry_one_way_or_another,
          hell_entry, minivault_16, minmay_shoptagon
Depths:3: minmay_triangles_in_corner, layout_cave_pools, enter_ziggurat_f,
          serial_sigils_hangedman_scar, grunt_pan_entry_spiral, abyss_entry,
          serial_shops, shop, hell_entry, nicolae_wu_jian_immortal_techniques,
          infiniplex_staircase_zigzag_1, serial_bayou_shore_b,
          minmay_shop_grove, uniq_norris
Depths:4: evilmike_zot_entry_diamond, layout_cave_shapes, serial_bayou,
          serial_bayou_pond_e, serial_bayou_pond_e, serial_bayou_pond_a,
          serial_bayou_lagoon_a, pan_entry, lightli_too_deep,
          amcnicky_mini_corridor_feature
Hell
Dis:1:    layout_gridville
Dis:2:    layout_gridville
Dis:3:    layout_gridville
Dis:4:    layout_gridville, nicolae_dis_fourth_circle
Dis:5:    layout_overlapping_boxes, not_door_vault_due
Dis:6:    hangedman_dis_decor_blocks_talon, layout_jigsaw
Dis:7:    dis_hangedman
Geh:1:    layout_gehenna_lava_caves, gehenna_fire_generator
Geh:2:    layout_gehenna_pools_basic
Geh:3:    layout_gehenna_pools_basic, nicolae_hells_seeping_fissure
Geh:4:    nicolae_geh_split_lavaduct, layout_gehenna_lava_caves
Geh:5:    layout_gehenna_pools_box, gehenna_fire_generator,
          lemuel_flamethrower_3
Geh:6:    layout_gehenna_pools_basic
Geh:7:    evilmike_geh
Coc:1:    layout_ice_bergs
Coc:2:    layout_ice_bergs
Coc:3:    layout_cocytus_water_paths
Coc:4:    nicolae_hells_titanomachy
Coc:5:    layout_cocytus_water_paths
Coc:6:    layout_cocytus_delve, nicolae_hells_leichenhalle
Coc:7:    coc_old
Tar:1:    layout_grid_maze
Tar:2:    layout_catacombs
Tar:3:    layout_grid_maze
Tar:4:    layout_catacombs
Tar:5:    layout_catacombs
Tar:6:    layout_honeycomb
Tar:7:    tar_old
Zot:1:    grunt_deathspiral_small, layout_cathedral_of_symmetry,
          nicolae_shop_clearance
Zot:2:    layout_basic
Zot:3:    nicolae_moth_party, layout_basic, basic_altar,
          hangedman_zot_decor_tridents, lemuel_golem_globe
Zot:4:    layout_misc_corridors
Zot:5:    layout_gridlike, amcnicky_altar_lugonu_corruption

Skill      XL: |  1  2  3  4  5  6  7  8  9 10 11 12 13 14 15 16 17 18 19 20 21 22 23 24 25 26 27 |
---------------+----------------------------------------------------------------------------------+-----
Earth Magic    | 4 5 6 7 8 10 11 12 13 15 27 | 27.0
Spellcasting   | 3 4 5 6 7 10 11 12 13 14 15 16 18 19 20 21 27 | 27.0
Fighting       | 1 2 3 8 9 10 11 12 13 27 | 27.0
Conjurations   | 1 2 3 5 6 10 11 12 14 15 16 17 18 20 21 22 27 | 27.0
Armour         | 1 2 3 4 6 7 8 9 10 11 27 | 27.0
Ice Magic      | 1 2 3 4 6 7 8 9 27 | 27.0
Polearms       | 2 3 4 6 |  6.0
Evocations     | 3 4 6 7 8 17 | 17.4
Staves         | 5 6 11 | 11.3
Throwing       | 4 7 |  7.0
Fire Magic     | 5 10 13 14 15 16 17 18 19 20 21 22 27 | 27.0
Dodging        | 3 5 6 7 9 10 11 22 | 22.5
Air Magic      | 3 6 8 10 12 27 | 27.0
Shapeshifting  | 2 5 8 23 | 23.0
Shields        | 16 | 16.1
Necromancy     | 27 | 27.0
Stealth        | 12 | 12.4
Translocations | 13 | 13.2
Transmutations | 13 | 13.2

Action                     |  1- 3 |  4- 6 |  7- 9 | 10-12 | 13-15 | 16-18 | 19-21 | 22-24 | 25-27 || total
---------------------------+-------+-------+-------+-------+-------+-------+-------+-------+-------++-------
  Melee: Unarmed           |     1 |       |       |       |       |       |       |       |       ||     1
         Dagger            |     9 |    49 |       |       |       |       |       |       |       ||    58
         Trident           |       |     1 |    20 |     4 |       |       |       |       |       ||    25
         Staff             |       |       |       |    25 |    89 |    68 |   133 |    42 |   577 ||   934
         Bo                |       |       |       |       |       |       |       |       |    48 ||    48
         Bite              |       |       |       |       |       |       |       |       |    29 ||    29
  Throw: Dart              |       |       |       |     2 |       |       |       |       |     1 ||     3
   Cast: Sandblast         |    27 |    65 |   113 |    67 |    29 |       |       |       |       ||   301
         Stone Arrow       |       |       |     2 |   119 |   215 |   126 |    35 |       |       ||   497
         Frozen Ramparts   |       |       |     1 |    10 |    29 |    14 |       |       |       ||    54
         Passwall          |       |       |       |     4 |     2 |    18 |       |     2 |    13 ||    39
         Leda's Unmaking   |       |       |       |       |    25 |    77 |    74 |    69 |   123 ||   368
         Starburst         |       |       |       |       |    44 |   170 |   197 |   161 |    17 ||   589
         Fireball          |       |       |       |       |    10 |    38 |    37 |       |       ||    85
         Freezing Cloud    |       |       |       |       |       |     8 |     6 |     1 |     1 ||    16
         Plasma Beam       |       |       |       |       |       |       |    92 |   110 |    25 ||   227
         Irradiate         |       |       |       |       |       |       |     5 |       |       ||     5
         Ignition          |       |       |       |       |       |       |       |    44 |    81 ||   125
         Blink             |       |       |       |       |       |       |       |     1 |     5 ||     6
         Fire Storm        |       |       |       |       |       |       |       |       |   405 ||   405
         Shatter           |       |       |       |       |       |       |       |       |   781 ||   781
         Chain Lightning   |       |       |       |       |       |       |       |       |   652 ||   652
         Lehudib's Crystal |       |       |       |       |       |       |       |       |   210 ||   210
         Polar Vortex      |       |       |       |       |       |       |       |       |    16 ||    16
         Ozocubu's Refrige |       |       |       |       |       |       |       |       |     8 ||     8
         Infestation       |       |       |       |       |       |       |       |       |     1 ||     1
Ability: Begin Untransform |       |       |       |       |       |       |       |       |     2 ||     2
  Evoke: Wand              |       |       |       |     5 |     2 |     4 |    10 |     3 |    12 ||    36
         Sack of spiders   |       |       |       |       |       |       |       |       |     2 ||     2
         Figurine of a zig |       |       |       |       |       |       |       |       |     1 ||     1
    Use: Scroll            |     3 |       |    10 |    11 |     4 |     9 |     8 |     9 |    43 ||    97
         Potion            |     2 |     1 |     1 |       |     1 |     7 |     8 |     7 |    49 ||    76
   Stab: Invisible         |       |       |       |       |       |       |       |       |     3 ||     3
         Distracted        |       |       |       |       |       |       |       |       |     1 ||     1
 Armour: Robe              |    16 |       |       |       |       |       |       |       |       ||    16
         Ring mail         |     7 |    94 |    93 |   135 |   281 |   443 |   499 |   332 |   326 ||  2210
         Chain mail        |       |       |       |       |       |       |       |       |  1249 ||  1249
         Crystal plate arm |       |       |       |       |       |       |       |       |   645 ||   645
         Skin              |       |       |       |       |       |       |       |       |    48 ||    48
  Dodge: Dodged            |    18 |    67 |    61 |    83 |   214 |   400 |   351 |   146 |  1295 ||  2635
  Block: Orb               |       |       |       |       |       |       |   106 |    47 |    33 ||   186
         Reflection        |       |       |       |       |       |       |    23 |     6 |       ||    29
   Form: Death             |       |       |       |       |       |       |       |       |     4 ||     4
                           |       |       |       |       |       |       |       |       |     1 ||     1

Table legend: (Time is in decaauts)
 A = Elapsed time spent in this place.
 B = Non-inter-level travel time spent in this place.
 C = Inter-level travel time spent in this place.
 D = Time resting spent in this place.
 E = Time spent auto-exploring this place.
 F = Levels seen in this place.
 G = Mean time per level.
                   A        B        C        D        E       F      G
               +--------+--------+--------+--------+--------+-----+--------+
         Total |  54991 |  46949 |   8042 |   4652 |  13370 | 159 |  345.9 |
       Dungeon |   9047 |   5825 |   3222 |     98 |   1003 |  15 |  603.1 |
        Temple |     47 |     33 |     14 |      0 |      0 |   1 |   47.0 |
          Lair |   2870 |   2257 |    613 |      8 |    185 |   5 |  574.0 |
         Swamp |   1071 |   1010 |     61 |     89 |      0 |   4 |  267.8 |
   Spider Nest |   2317 |   2033 |    284 |     68 |      0 |   4 |  579.2 |
    Slime Pits |    697 |    654 |     43 |      0 |      0 |   5 |  139.4 |
  Orcish Mines |   1024 |    784 |    240 |      0 |    435 |   2 |  512.0 |
   Elven Halls |   3269 |   2826 |    443 |    100 |   1172 |   3 | 1089.7 |
        Vaults |   4100 |   3026 |   1074 |     13 |   1035 |   5 |  820.0 |
         Crypt |   3572 |   3132 |    440 |    223 |   1990 |   3 | 1190.7 |
          Tomb |   1304 |   1214 |     90 |      6 |    690 |   3 |  434.7 |
        Depths |   4840 |   4136 |    704 |    183 |   2190 |   4 | 1210.0 |
          Hell |    376 |    363 |     13 |      0 |      0 |   1 |  376.0 |
           Dis |   1489 |   1405 |     84 |    414 |    326 |   7 |  212.7 |
       Gehenna |   2046 |   1961 |     85 |    423 |    269 |   7 |  292.3 |
       Cocytus |    871 |    871 |      0 |    294 |     35 |   7 |  124.4 |
      Tartarus |   1459 |   1350 |    109 |    198 |    328 |   7 |  208.4 |
           Zot |   6106 |   5590 |    516 |    987 |   3356 |   5 | 1221.2 |
         Abyss |    574 |    574 |      0 |     47 |     93 |   4 |  143.5 |
   Pandemonium |   2129 |   2129 |      0 |    309 |     19 |  10 |  212.9 |
      Ziggurat |   5562 |   5562 |      0 |   1187 |    212 |  54 |  103.0 |
        Bazaar |     76 |     76 |      0 |      0 |     26 |   1 |   76.0 |
         Trove |     40 |     40 |      0 |      0 |      0 |   1 |   40.0 |
         Sewer |     94 |     94 |      0 |      2 |      0 |   1 |   94.0 |
               +--------+--------+--------+--------+--------+-----+--------+

Top non-repeatable levels by time:
 Crypt:3: 1945 daAuts
   Zot:5: 1660 daAuts
   Elf:3: 1652 daAuts
   Zot:1: 1576 daAuts
Vaults:5: 1419 daAuts
Depths:3: 1310 daAuts
    D:10: 1295 daAuts
Depths:2: 1286 daAuts
   Elf:1: 1240 daAuts
   Geh:7: 1168 daAuts
Depths:1: 1147 daAuts
   Zot:3: 1119 daAuts
Depths:4: 1095 daAuts
 Crypt:2: 1053 daAuts
     D:9: 1025 daAuts
